Cogmind - Beta 17.1 @@@ ROGUE MODE // 2026.09.22 @ 19:14:41 Player: H3-MLN Result: Destroyed by P-80 Master with Gamma Rifle Performance ------------- Evolutions (8) 4000 Regions Visited (30) 6000 Robots Destroyed (507) 2535 Value Destroyed (23384) 23384 Prototype IDs (105) 2100 Alien Tech Used (5) 1000 Bonus (22537) 22537 TOTAL SCORE: 61556 Bonus ------- High Alert Combat Kills 2474 Follower Combat Kills 2405 Hunted by Unchained 1000 Destroyed Unchained 2000 Spooked CY-PHR 9500 Awakened Behemoth Slayer 1000 Entered Garrisons 200 Used RIF Installer 500 Entered DSFs 500 Network Hubs Disabled 600 Aligned with FarCom 300 Met R17 at Cetus 500 Met R17 at Research 2000 Friendly Fire -442 Cogmind --------- Core Integrity 0/1450 Matter 215/300 Energy 590/590 System Corruption 2% Temperature Cool (0) Movement Treading (154) Location -2/Research Parts ------- > --- POWER (5) -------- Micro Antimatter Reactor Micro Antimatter Reactor Micro Antimatter Reactor Quantum Reactor Light Quantum Reactor > --- PROPULSION (6) --- Enhanced Armored Medium Treads Enhanced Armored Medium Treads Enhanced Armored Medium Treads Biometal Medium Treads Biometal Heavy Treads > --- UTILITY (8) ------ High-capacity Storage Unit Advanced Sensor Array Experimental Signal Interpreter Advanced Transmission Jammer Improved Cloaking Device Hacking Suite Improved Corruption Screen Advanced Field Recycling Unit > --- WEAPON (4) ------- Enhanced Hardcell Cannon Ragnarok Missile Launcher Point Singularity Launcher Katana > --- INVENTORY (20) --- Combat Gravmag System Combat Linear Gravjet Combat Linear Gravjet Advanced Heat Sink Zionite Biocell (600) Zionite Biocell (600) Zionite Biocell (600) Quantum Shading Machine Authchip [Power] Authchip [Power] Authchip [Power] Authchip [Power] Subatomic Replicator Gamma Rifle Core Cannon Enhanced Hardcell Cannon Enhanced Hardcell Cannon Gamma Bomb Array Advanced Remote Datajack Peak State ------------ > --- POWER ------------ Micro Antimatter Reactor Micro Antimatter Reactor Micro Antimatter Reactor Quantum Reactor Light Quantum Reactor > --- PROPULSION ------- Enhanced Armored Medium Treads Enhanced Armored Medium Treads Enhanced Armored Medium Treads Biometal Medium Treads Biometal Heavy Treads > --- UTILITY ---------- High-capacity Storage Unit Advanced Sensor Array Experimental Signal Interpreter Advanced Transmission Jammer Improved Cloaking Device Hacking Suite Improved Corruption Screen Advanced Field Recycling Unit > --- WEAPON ----------- Enhanced Hardcell Cannon Ragnarok Missile Launcher Point Singularity Launcher Katana > --- INVENTORY -------- Combat Gravmag System Combat Linear Gravjet Combat Linear Gravjet Advanced Heat Sink Zionite Biocell Zionite Biocell Zionite Biocell Quantum Shading Machine Authchip [Power] Authchip [Power] Authchip [Power] Authchip [Power] Subatomic Replicator Gamma Rifle Core Cannon Enhanced Hardcell Cannon Enhanced Hardcell Cannon Gamma Bomb Array Advanced Remote Datajack [Rating: 182] Favorites ----------- Power Hybrid Fission Core Engine Heavy Ion Engine Power Core Hybrid Fission Core Reactor Light Antimatter Reactor Propulsion Light Treads Treads Light Treads Leg Assembled Alloy Leg Wheel Wheel Hover Unit Cooled Gravmag System Utility High-capacity Storage Unit Device Experimental Heat Sink Storage High-capacity Storage Unit Processor Advanced Signal Interpreter Hackware Relay Coupler [NC] Protection Improved Light Armor Plating Weapon Heavy Assault Rifle Energy Gun Heavy Beamcaster Energy Cannon Assembled Focal Cannon Ballistic Gun Heavy Assault Rifle Ballistic Cannon Mini Assault Cannon Launcher Long-range Missile Launcher Special Weapon Remote Datajack Impact Weapon Power Maul Slashing Weapon Katana Piercing Weapon CR-A16's Behemoth Slayer Special Melee Weapon Datajack Build | -11 -10 -10 -9 -9 -9 -8 -8 -8 -8 -8 -6 -6 -6 -6 -6 -6 -6 -5 -5 -5 -5 -5 -5 -4 -4 -4 -4 -3 -3 -2 ------- Run | Yrd Mat Min Mat Min Exi Min Mat Sto Rec Scr Fac Gar Fac Low Low Zio Dee Pro Fac Ext Cet Arc Hub Fac Was Fac DSF Res Qua Res Slots Evolved 16 | . . . 2 . . . 2 . . . 4 . . . . . . . 2 . . . . 2 . . . 2 . 2 Power 4 | . . . . . . . . . . . 1 . . . . . . . 1 . . . . 1 . . . 1 . . Propulsion 4 | . . . 1 . . . 2 . . . . . . . . . . . . . . . . . . . . 1 . . Utility 6 | . . . 1 . . . . . . . 2 . . . . . . . 1 . . . . 1 . . . . . 1 Weapon 2 | . . . . . . . . . . . 1 . . . . . . . . . . . . . . . . . . 1 Parts Attached 441 | 7 13 4 11 3 8 7 9 6 2 13 8 30 14 3 13 30 17 1 8 15 8 8 6 41 . . 15 38 35 68 Power 61 | 1 3 . 2 . . . . 1 . 1 2 3 . 1 2 2 1 . . 1 . 1 . 10 . . 3 8 4 15 Engine 17 | 1 3 . 2 . . . . 1 . 1 . . . . . 1 . . . . . 1 . 1 . . . 1 . 5 Core 17 | . . . . . . . . . . . 2 1 . 1 2 . . . . . . . . 4 . . 1 1 3 2 Reactor 27 | . . . . . . . . . . . . 2 . . . 1 1 . . 1 . . . 5 . . 2 6 1 8 Propulsion 134 | 2 4 2 2 2 2 3 3 2 1 7 1 12 3 1 3 13 3 . 1 9 3 6 2 13 . . 3 8 8 15 Treads 61 | 1 1 1 1 2 1 1 3 2 1 2 . 10 3 1 . 5 1 . . 4 2 . . 1 . . 3 1 8 6 Leg 32 | . . . . . . . . . . 2 1 2 . . 2 8 1 . 1 5 1 . . 8 . . . . . 1 Wheel 16 | 1 3 1 1 . 1 2 . . . 3 . . . . 1 . . . . . . . . . . . . 1 . 2 Hover 25 | . . . . . . . . . . . . . . . . . 1 . . . . 6 2 4 . . . 6 . 6 Flight . | . . . . . . . . . . . . . . . . . . . . . . . . . . . . . . . Utility 142 | 2 2 1 2 . 2 1 3 . . 4 4 8 6 1 5 8 8 1 6 4 1 . 3 13 . . 9 16 11 21 Device 59 | 1 . . 1 . 1 . 1 . . 1 3 5 2 1 4 5 1 1 2 2 . . . 4 . . 4 6 5 9 Storage 15 | 1 2 . . . . . . . . . 1 . . . 1 . 1 . 1 . . . . 2 . . 2 3 1 . Processor 14 | . . . . . . . . . . . . 1 . . . 1 1 . 1 . . . . 3 . . 2 . 1 4 Hackware 25 | . . . 1 . . . . . . . . . 4 . . . . . . . . . 3 4 . . . 4 2 7 Protection 29 | . . 1 . . 1 1 2 . . 3 . 2 . . . 2 5 . 2 2 1 . . . . . 1 3 2 1 Artifact . | . . . . . . . . . . . . . . . . . . . . . . . . . . . . . . . Weapon 104 | 2 4 1 5 1 4 3 3 3 1 1 1 7 5 . 3 7 5 . 1 1 4 1 1 5 . . . 6 12 17 Energy Gun 16 | 1 . . . . . . . . . . . 2 . . 1 1 3 . . . 2 . . 1 . . . . . 5 Energy Cannon 13 | . . . 1 . . 1 . 2 . . 1 1 . . . 1 1 . . . . . . . . . . 1 2 2 Ballistic Gun 17 | 1 1 . 2 1 3 1 1 1 . . . 1 1 . . 2 . . . . 2 . . . . . . . . . Ballistic Cannon 17 | . 1 . 1 . . . 2 . . . . 3 1 . 1 . . . . . . . . . . . . . 3 5 Launcher 9 | . 1 1 1 . . 1 . . . . . . . . . 1 . . . . . . . . . . . . 2 2 Special Weapon 15 | . . . . . . . . . 1 1 . . 1 . . 2 1 . . . . . . 4 . . . 2 2 1 Impact Weapon 2 | . . . . . . . . . . . . . 1 . 1 . . . . . . . . . . . . . . . Slashing Weapon 3 | . 1 . . . . . . . . . . . . . . . . . . . . . . . . . . . 1 1 Piercing Weapon 6 | . . . . . . . . . . . . . . . . . . . 1 . . 1 . . . . . 2 2 . Special Melee Weapon 6 | . . . . . 1 . . . . . . . 1 . . . . . . 1 . . 1 . . . . 1 . 1 Unidentified Prototypes 44 | . . . . . . 1 . 1 . . 1 . 2 . . 5 9 . . . 4 . 1 . . . . 4 11 5 Parts Lost 126 | . 4 . 1 . 6 1 4 . . 18 . 3 9 . 3 5 4 . 2 4 1 . 2 11 . . 6 2 5 35 Power 25 | . 1 . . . . . . . . 1 . . 2 . . 1 1 . . . . . . 6 . . 1 2 1 9 Propulsion 38 | . 2 . 1 . 2 . 1 . . 11 . 2 2 . . 1 . . 1 1 . . 1 2 . . . . 1 10 Utility 38 | . 1 . . . 2 . 2 . . 3 . 1 3 . 2 3 2 . 1 1 1 . . 1 . . 3 . 3 9 Weapon 25 | . . . . . 2 1 1 . . 3 . . 2 . 1 . 1 . . 2 . . 1 2 . . 2 . . 7 Highest Loss Streak 15 | . 2 . 1 . 3 1 2 . . 15 . 2 8 . 1 2 4 . 1 2 1 . 2 3 . . 3 2 5 12 To Critical Strikes 8 | . . . . . 4 . . . . 1 . . 2 . . . . . 1 . . . . . . . . . . . Average Backups 19 | 3 16 24 24 24 23 18 21 24 25 22 6 19 16 14 17 19 19 18 18 19 19 14 19 16 20 20 19 19 21 16 Power . | . . . . 1 1 . 1 1 1 . 1 1 2 2 2 1 1 1 . . 1 . . . . . . . . . Propulsion 1 | 1 3 4 4 6 5 4 3 4 4 4 1 . 2 . . . . . . . . . . . 3 3 3 1 . 1 Utility 8 | . 2 3 3 6 7 8 11 11 11 10 1 7 7 5 7 4 4 9 11 11 9 8 11 9 12 12 10 13 14 7 Weapon 7 | 1 9 15 14 10 7 3 4 6 7 6 1 8 2 5 6 10 11 7 5 6 8 4 6 5 5 5 5 3 5 4 Tool/Special . | . . . . . . . . . . . . . . . . . . . . . . . . . . . . . . . Unused Backups 89 | . 1 . 9 2 5 . 2 1 . 9 . 8 8 . 4 5 3 . 1 1 . 2 . 7 . . 1 2 3 15 Power 9 | . . . . . 3 . . . . . . 2 . . . 1 . . . . . . . 1 . . . 1 . 1 Propulsion 9 | . 1 . . . . . . . . 1 . 1 . . . . 1 . . . . 2 . . . . 1 . . 2 Utility 38 | . . . . . . . 2 1 . 5 . 5 3 . 4 2 . . . 1 . . . 5 . . . 1 2 7 Weapon 28 | . . . 9 2 2 . . . . 2 . . 5 . . 1 1 . 1 . . . . 1 . . . . . 4 Tool/Special 5 | . . . . . . . . . . 1 . . . . . 1 1 . . . . . . . . . . . 1 1 Average Slot Usage (%) 88 | . 99 99 99 100 100 81 96 100 99 86 62 90 77 55 76 96 95 100 98 94 82 79 87 86 88 89 81 80 84 70 Engine 4 | . 13 14 11 11 11 7 9 9 9 7 . . . . . 4 6 6 5 4 . . . 3 . . . 1 . 1 Core 3 | . . . . . . . . . . . 10 7 . 5 10 2 . . 5 5 5 5 5 4 5 5 3 . 12 4 Reactor 3 | . . . . . . . . . . . . 4 12 . . 4 5 6 4 4 5 4 5 7 9 10 8 10 6 4 Treads 16 | . 6 13 10 32 32 19 39 45 45 38 . 19 15 13 6 7 32 33 26 14 3 3 . . . . 4 6 14 8 Leg 5 | . . . . . . . . . . 1 12 6 . . 4 21 . . 2 14 20 13 . 16 26 26 16 . . . Wheel 2 | . 21 14 21 . . 13 2 . . 3 6 . . . 1 . . . . . . . . . . . . 1 . . Hover 2 | . . . . . . . . . . . . . . . . . . . . . . 5 28 7 . . . 13 5 6 Device 12 | . 4 . 6 11 11 7 7 9 9 7 11 13 11 13 25 23 10 19 13 12 12 12 6 9 15 15 12 9 16 10 Storage 8 | . 23 22 11 11 11 8 9 9 9 7 4 6 6 6 6 6 6 6 5 6 8 6 10 6 5 5 11 11 5 4 Processor 2 | . . . . . . . . . . . . 3 6 6 . . 4 . 3 5 5 2 . 2 5 5 6 2 3 7 Hackware 2 | . . . 4 . . . . . . . . . 7 3 . . . . . . . . 3 10 5 5 . 6 4 5 Protection 4 | . . 5 10 11 10 7 10 9 9 8 6 6 . . . 2 6 6 8 4 . 4 5 1 . . 1 1 . . Energy Gun 2 | . . . . . . . . . . . . 2 1 . 3 11 9 . 3 1 . . 5 . . . . . . 1 Energy Cannon 2 | . . . 7 . . 1 1 5 8 . 5 2 4 . 1 . 2 13 3 6 14 9 . 2 5 5 8 . 5 . Ballistic Gun 4 | . 16 14 5 15 14 15 10 1 . . 2 4 . . . 2 . . . . 1 . . 4 . . 2 4 1 . Ballistic Cannon 3 | . 8 8 7 6 . . 6 9 8 1 . 8 5 4 12 1 4 6 5 2 . . . . . . . . 1 4 Piercing Weapon 1 | . . . . . . . . . . . . . . . . . . . 3 4 . 4 5 3 5 5 2 5 1 1 Peak Build Rating 182 | 9 10 13 23 22 25 26 48 51 54 57 58 108 106 78 77 99 87 86 97 129 139 145 110 145 142 145 156 169 158 182 Average Rating 80 | 5 9 11 19 21 21 19 43 49 48 47 45 74 95 66 69 86 82 85 91 105 133 129 104 123 141 145 146 136 136 122 On Entrance 74 | . 9 10 13 21 22 22 25 47 48 51 22 58 106 35 78 76 80 83 86 90 125 129 108 99 129 142 145 152 140 144 Avg Prop Armor Cover (%) 11 | 15 12 . 7 . 14 17 6 . . 34 13 7 26 . 14 17 . . 2 6 9 8 . 9 . . 2 1 4 4 Naked Turns 1 | . . . . . . 1 . . . . . . . . . . . . . . . . . . . . . . . . Heaviest Build 191 | 12 94 94 102 102 103 104 110 106 106 114 82 121 115 79 81 92 91 90 100 123 135 141 83 120 132 132 146 141 191 159 Greatest Support 235 | 20 40 40 20 63 63 60 130 130 130 130 18 185 185 110 84 124 124 124 124 134 134 80 54 138 138 138 147 147 190 235 Greatest Overweight (x) 31 | . 8 4 9 5 10 5 5 . . 2 6 6 1 . 5 5 . . . 3 2 5 1 3 . . 2 1 31 17 Average Overweight (x) . | . 3 3 4 1 1 2 . . . . 4 . . . 1 . . . . . 1 . 1 . . . . . . . Largest Inventory Capacity 25 | 8 25 25 25 25 25 25 25 25 25 25 20 20 20 20 20 20 20 20 20 20 20 20 20 20 20 20 20 20 25 20 Average Capacity 20 | 7 20 25 25 25 25 19 25 25 25 22 15 20 20 20 20 20 20 20 20 20 20 15 20 17 20 20 20 20 23 20 Most Carried 25 | 5 25 25 25 25 25 25 25 25 25 25 15 20 20 17 20 20 20 20 20 20 20 20 20 20 20 20 20 20 25 20 Average Carried 19 | 3 16 24 24 24 23 18 21 24 24 22 7 19 19 14 19 19 19 19 19 19 19 14 19 16 20 20 19 19 22 17 Final Capacity 25 | 8 25 25 25 25 25 25 25 25 25 5 20 20 20 20 20 20 20 20 20 20 20 20 20 20 20 20 20 20 20 20 Final Carried 25 | 5 25 25 25 25 18 24 25 25 25 4 15 20 16 17 20 20 20 20 20 20 20 20 20 20 20 20 20 20 20 20 Class Distribution -------------------- 29% | Scavenger-Mutant 22% | Mutant 20% | Scavenger-Tank 9% | Scavenger-Gunner 4% | Scavenger-Golem 3% | Hacker-Mutant Dominant Class ---------------- Mutant | -10/Materials Mutant | -10/Mines Mutant | -9/Materials Mutant | -9/Mines Scavenger-Mutant | -9/Exiles Mutant | -8/Mines Scavenger-Mutant | -8/Materials Scavenger-Mutant | -8/Storage Scavenger-Mutant | -8/Recycling Scavenger-Mutant | -8/Scraptown Mutant | -6/Factory Scavenger-Tank | -6/Garrison Scavenger-Tank | -6/Factory Scavenger-Tank | -6/Lower Caves Scavenger-Tank | -6/Lower Caves Scavenger-Tank | -6/Zion Scavenger-Gunner | -6/Deep Caves Scavenger-Tank | -5/Proximity Caves Scavenger-Mutant | -5/Factory Scavenger-Mutant | -5/Extension Scavenger-Golem | -5/Cetus Scavenger-Golem | -5/Archives Scavenger-Mutant | -5/Hub_04(d) Scavenger-Mutant | -4/Factory Mutant | -4/Waste Mutant | -4/Factory Generator-Tank | -4/DSF Scavenger-Mutant | -3/Research Scavenger-Tank | -3/Quarantine Hacker-Mutant | -2/Research Resources | -11 -10 -10 -9 -9 -9 -8 -8 -8 -8 -8 -6 -6 -6 -6 -6 -6 -6 -5 -5 -5 -5 -5 -5 -4 -4 -4 -4 -3 -3 -2 ----------- Run | Yrd Mat Min Mat Min Exi Min Mat Sto Rec Scr Fac Gar Fac Low Low Zio Dee Pro Fac Ext Cet Arc Hub Fac Was Fac DSF Res Qua Res Matter Collected 17908 | 294 900 340 408 51 373 860 669 452 10 551 56 1646 835 202 530 1899 474 46 192 286 130 130 104 2367 . . 410 803 1013 1877 Remotely 1484 | . . . . . . . . . . . . . . . . 1263 50 . . . . . . . . . . . . 171 Salvage Created 24296 | 150 817 117 706 115 113 593 442 741 143 876 56 1245 1146 . 290 1587 700 97 289 2126 558 581 441 3082 . . 1168 1250 1719 3148 Parts 1196 | 6 54 8 45 13 2 39 17 31 6 51 1 46 47 . 9 127 29 3 21 93 13 47 24 122 . . 47 52 88 155 Haulers Intercepted 12 | . 2 . 2 . . . . 2 . . . . . . . . . . . . . . 1 1 . . . 3 . 1 Recyclers Shooed 17 | . 1 . . . . . 2 2 2 . . . 3 . . . . . . 4 . . . 3 . . . . . . Parts Field Recycled 9 | . . . . . . . . . . . . . . . . . . . . . . . . . . . . . . 9 Retrieved Matter 727 | . . . . . . . . . . . . . . . . . . . . . . . . . . . . . . 727 Parts Self-Destructed 1 | . . . . . . . . . . . . . . . 1 . . . . . . . . . . . . . . . Prevented 4 | . . . . . . . . . . . . . . 1 . . . 3 . . . . . . . . . . . . Parts Restored . | . . . . . . . . . . . . . . . . . . . . . . . . . . . . . . . Kills | -11 -10 -10 -9 -9 -9 -8 -8 -8 -8 -8 -6 -6 -6 -6 -6 -6 -6 -5 -5 -5 -5 -5 -5 -4 -4 -4 -4 -3 -3 -2 ------- Run | Yrd Mat Min Mat Min Exi Min Mat Sto Rec Scr Fac Gar Fac Low Low Zio Dee Pro Fac Ext Cet Arc Hub Fac Was Fac DSF Res Qua Res Combat Hostiles Destroyed 319 | . 21 12 14 . 1 11 8 15 1 20 . 12 16 1 5 10 15 1 4 15 7 3 2 32 . . 13 9 20 51 Melee 9 | . . . . . . . . . . . . . 1 . 1 . . . . . . . . 4 . . 2 1 . . Guns 84 | . 9 2 3 . 1 7 2 . . 4 . 3 . . . 6 6 . 4 3 . . 2 16 . . 2 7 4 3 Cannons 111 | . 5 . 9 . . . 6 9 1 5 . 8 14 1 3 3 . . . 9 7 3 . 7 . . 9 1 1 10 AOE 83 | . 7 10 2 . . 3 . 6 . 11 . . . . . 1 7 . . . . . . 5 . . . . 2 29 Classes Destroyed 36 | 2 6 2 2 . . 2 . . . 7 . 2 2 . 1 3 2 . . . . . . . . . 2 2 1 . Worker 23 | . 2 1 1 . . 3 . . . . 2 . 2 . . . . . . . . . 1 2 . . . 2 . 7 Builder 27 | . . 1 . 1 . 1 . . . . . . 3 . . . . . 1 2 . . 2 7 . . . 2 . 7 Tunneler 10 | 3 1 . . 1 . . . . . . . . . . . . . . . . . . 1 . . . . 1 . 3 Hauler 12 | . 2 . 2 . . . . 2 . . . . . . . . . . . . . . 1 1 . . . 3 . 1 Recycler 36 | 1 1 . 2 1 . 2 1 1 2 . . . 3 . . . . . . 7 . . 1 7 . . . 1 1 5 Mechanic 1 | . . . 1 . . . . . . . . . . . . . . . . . . . . . . . . . . . Operator 20 | . 3 . 1 . . . . . . . . . . . . . . . 1 1 . 9 . . . . . 2 . 3 Watcher 11 | . 2 . 2 . . . 1 . . . . . . . . . . . 1 1 1 . 1 1 . . . . . 1 Swarmer 39 | . 9 3 5 . . 4 . . . . . . 2 . . . . . . 2 . . . 4 . . . . . 10 Grunt 94 | . 12 2 5 . . 4 6 9 . . . 6 8 . 3 . . . . 3 . . 1 12 . . 7 4 4 8 Brawler 4 | . . . . . . . . . . . . . 2 . . . . . . . . . . . . . 1 . 1 . Duelist 1 | . . . . . . 1 . . . . . . . . . . . . . . . . . . . . . . . . Protector 1 | . . . . . . . . . . . . . . . . . . . . . . . . . . . . . 1 . Sentry 35 | . . . 4 . . . 2 5 1 . . 3 1 1 1 . . . 1 6 . 3 . 4 . . . 2 . 1 Demolisher 2 | . . . . . . . . . . . . . 2 . . . . . . . . . . . . . . . . . Specialist 4 | . . . . . . . . . . . . . . . . . . . . . . . . . . . 4 . . . Hunter 17 | . . . . . . 1 . 1 . . . . 1 . . . . . 2 2 . . 1 1 . . . 1 2 5 Programmer 36 | . . . . . . . . . . . . 1 . . . . . . 1 . . . . 10 . . . . . 24 Heavy 1 | . . . . . . . . . . . . . . . . . . . . . . . . . . . 1 . . . Behemoth 7 | . . . . . . . . . . . . 2 . . . . . 1 . 2 . . . . . . . . . 2 Cetus Guard 7 | . . . . . . . . . . . . . . . . . . . . . 7 . . . . . . . . . Quarantine Guard 12 | . . . . . . . . . . . . . . . . . . . . . . . . . . . . . 12 . Striker 1 | . . . . . . . . . . . . . . . . . . . . . . . . . . . . 1 . . Executioner 1 | . . . . . . . . . . . . . . . . . . . . . . . . . . . . 1 . . Bolteater 3 | . . . . . . . . . . 3 . . . . . . . . . . . . . . . . . . . . Federalist 1 | . . . . . . . . . . 1 . . . . . . . . . . . . . . . . . . . . Explorer 2 | . . . . . . . . . . 2 . . . . . . . . . . . . . . . . . . . . Ranger 1 | . . . . . . . . . . 1 . . . . . . . . . . . . . . . . . . . . Guru 2 | . . . . . . . . . . 2 . . . . . . . . . . . . . . . . . . . . Scrapper 8 | . . . . . . . . . . 8 . . . . . . . . . . . . . . . . . . . . Elite 1 | . . . . . . . . . . 1 . . . . . . . . . . . . . . . . . . . . Zionite 65 | . . . . . . . . . . . . . . . . 65 . . . . . . . . . . . . . . Z-Technician 3 | . . . . . . . . . . . . . . . . . 3 . . . . . . . . . . . . . Z-Light 8 | . . . . . . . . . . . . . . . . . 8 . . . . . . . . . . . . . Packrat 1 | . . . . . . . . . . . . . . . 1 . . . . . . . . . . . . . . . Tinkerer 8 | . . . . . . . . . . . . . . . . 8 . . . . . . . . . . . . . . Master Thief 1 | . . . . . . . . . . . . . . . 1 . . . . . . . . . . . . . . . Assembled 13 | . . 7 . . . . . . . . . . . . . . 6 . . . . . . . . . . . . . Golem 1 | . . . . . . . . . . . . . . . . . 1 . . . . . . . . . . . . . Thug 3 | . . . . . . . . . . 2 . . . . . . . . . . 1 . . . . . . . . . Butcher 1 | . . . . . . . . . . . . . . . . 1 . . . . . . . . . . . . . . Marauder 2 | . . . . . . . . . . . . . . . . 2 . . . . . . . . . . . . . . Mutant 5 | . . . . . . . . . . . . . . . . 5 . . . . . . . . . . . . . . Best Kill Streak 13 | 4 6 3 4 1 1 4 3 7 3 13 1 4 10 1 2 9 4 1 2 6 5 3 3 9 . . 6 6 7 13 Combat Bots Only 13 | . 5 3 3 . 1 4 3 5 1 13 . 4 5 1 2 3 4 1 2 3 4 2 1 6 . . 6 4 7 9 Max Kills in Single Turn 8 | 1 2 3 2 1 1 1 1 3 1 2 1 1 2 1 1 3 3 1 1 1 1 1 2 3 . . 1 1 2 8 Gunslinging 1 | . 1 . . . . . . . . . . . . . . . . . . . . . . 1 . . . . . . Exploded 5 | . 2 3 1 . . 1 . 2 . 2 . . . . . 1 3 . . . . . . 2 . . . . 2 5 Melee 1 | . . . . . . . . . . . . . 1 . 1 . . . . . . . . 1 . . 1 1 . . Uniques/NPCs Destroyed 7 | . . . . . 1 1 . . . . . . 1 . . 2 . . . . . . . 1 . . . . . 1 8R-AWN (-9/Exiles) CL-ANK (-8/Mines) *Haters Gonna hate (-6/Factory) 12-ASH (-6/Zion) Imprinter (-6/Zion) DW-4LL (-4/Factory) CY-PHR (-2/Research) Combat | -11 -10 -10 -9 -9 -9 -8 -8 -8 -8 -8 -6 -6 -6 -6 -6 -6 -6 -5 -5 -5 -5 -5 -5 -4 -4 -4 -4 -3 -3 -2 -------- Run | Yrd Mat Min Mat Min Exi Min Mat Sto Rec Scr Fac Gar Fac Low Low Zio Dee Pro Fac Ext Cet Arc Hub Fac Was Fac DSF Res Qua Res Hostile Shots Fired 2538 | . 91 22 50 . 98 35 57 33 . 204 . 147 241 36 59 68 56 24 38 111 43 9 26 321 . . 180 81 114 394 Missed 717 | . 27 7 16 . 29 10 12 8 . 43 . 46 73 10 19 23 12 10 15 25 8 3 5 89 . . 39 21 32 135 Hits 1821 | . 64 15 34 . 69 25 45 25 . 161 . 101 168 26 40 45 44 14 23 86 35 6 21 232 . . 141 60 82 259 Melee 26 | . . . . . . . . . . . . . 14 . 3 4 2 . . 2 . . . . . . 1 . . . Projectile 1795 | . 64 15 34 . 69 25 45 25 . 161 . 101 154 26 37 41 42 14 23 84 35 6 21 232 . . 140 60 82 259 AOE 18 | . . 3 . . . . . . . . . . 12 . . 1 . . 1 . . . . . . . . . . 1 Critical Strikes 145 | . . . 1 . 35 . 1 . . 9 . 7 6 . . 3 . . 3 4 5 . 1 19 . . 12 1 9 29 Actively Blocked 3 | . . . . . . . . . . . . . . . . 1 . . . . . . . . . . . . 1 1 Part Disruptions 18 | . . . . . . . . . . . . . 1 . . . . . . . . . . 1 . . 12 . . 4 Damage Taken 32965 | . 649 345 380 . 924 278 734 487 . 2718 . 1320 2679 207 470 993 1320 180 221 1754 1025 156 366 3723 . . 2215 1152 2343 6326 Core 3710 | . 108 113 39 . 131 26 79 29 . 301 . 103 195 15 101 113 72 . . 144 23 . 49 403 . . 204 63 156 1243 Absorbed by Shields 3814 | . . . 108 . 282 109 14 . . . . 647 461 . 40 191 . 126 208 114 . . . 201 . . 303 10 754 246 Reduced by Siege Mode 559 | . . . . . . . . . . . . . 210 25 16 16 . . . . 34 . . . . . 62 . 196 . Redirected to Shielding 582 | . . . . . . . . . . 50 . 9 . . . 81 34 . 8 10 . . . . . . . 129 88 173 Ignored by Resistances 385 | . . . . . . . . . . . . . . . . . . . . . . . 72 313 . . . . . . Regen/Repaired (Parts) 402 | . 67 . 142 . . . . . . . . . 7 . . . . . . . . . . 125 . . . . 61 . Core Remaining (%) 51 | 100 . 11 . . . 51 . . . 25 . . . . . . . 29 . . . . 78 . . . 47 . 69 . Volleys Fired 2434 | 8 83 23 52 3 57 139 48 40 1 55 4 147 87 8 20 930 39 6 36 79 26 8 31 204 4 . 39 34 87 136 Largest 3 | 2 2 2 2 2 2 2 2 2 2 2 1 3 3 1 3 3 3 3 2 3 3 3 2 2 1 . 3 2 2 3 Hottest 300 | 60 60 50 90 53 46 79 79 127 100 138 30 188 168 65 178 237 201 178 100 100 75 75 95 70 7 . 75 114 204 300 Shots Fired 3406 | 16 158 32 101 6 114 165 68 67 3 64 4 199 97 8 33 1197 81 18 42 117 76 24 34 261 5 1 89 42 98 186 Gun 2223 | 16 128 10 35 3 114 154 21 6 . 19 4 126 22 . 11 1106 66 . 33 31 . . 34 196 . . 12 28 28 20 Cannon 961 | . 22 8 64 3 . 8 47 54 3 17 . 73 61 8 22 33 6 18 9 85 76 24 . 46 1 1 77 6 63 126 Launcher 161 | . 8 14 2 . . 3 . 7 . 21 . . . . . 55 7 . . 1 . . . 8 . . . . 4 31 Special 61 | . . . . . . . . . . 7 . . 14 . . 3 2 . . . . . . 11 4 . . 8 3 9 Kinetic 1333 | 8 149 18 65 6 114 154 62 33 2 34 4 159 64 8 21 53 8 6 7 4 . . 7 196 . . 12 28 28 83 Thermal 1582 | 8 1 . 34 . . . . 18 . 2 . 18 . . 11 1075 58 . . 81 76 24 . 46 1 1 77 . . 51 Explosive 158 | . 8 14 2 . . 3 . 7 . 21 . . . . . 57 9 . . 1 . . . 8 . . . . . 28 Electromagnetic 194 | . . . . . . 8 6 9 1 . . 22 19 . 1 11 6 12 2 . . . . . . . . 6 67 24 Phasic 91 | . . . . . . . . . . . . . . . . . . . 33 31 . . 27 . . . . . . . Robot Hit Streak 25 | 6 10 4 10 4 9 15 6 9 2 7 4 24 12 5 5 13 9 17 6 18 19 25 3 21 7 . 15 14 19 14 Robot Miss Streak 12 | 2 7 2 4 1 3 6 4 7 2 6 1 8 12 1 4 7 3 1 2 2 1 2 1 5 1 . 3 4 3 11 Penetration Max 2 | . . . . . . . 1 . . 1 . 1 1 . . 1 . . . . . . 1 1 . . . . 2 . Secondary Targets 12 | . 4 . . . . . . . . . . . . . . 2 2 . . . . . . 4 . . . . . . Max Gunslinging Chain 1 | . 1 . . . . . . . . . . . . . . 1 1 . . . . . . 1 . . . . . . Shots Hit Robots 1704 | 8 85 10 60 5 89 116 39 43 2 35 3 126 55 7 24 231 49 16 15 79 63 19 16 202 4 . 64 54 71 114 Core Hits 934 | 5 45 17 27 2 14 37 17 44 2 43 2 86 37 1 16 107 27 1 9 36 20 16 13 87 1 . 25 30 39 128 Critical Kills 29 | . 1 . . . . . 3 . . 4 . 6 . . . . . . . . . . . 7 . . 1 2 4 1 Critical Parts Destroyed 53 | . 2 . . . . . 7 . . 8 1 8 2 . 1 3 1 . . . . . . 14 . . . . 5 1 Critical Strikes 154 | . 3 1 1 1 . 1 10 . . 12 1 14 3 1 1 23 5 . 1 2 . 3 1 40 . . 2 7 10 11 Burn 19 | . . . . . . . . . . . . . . . . 16 3 . . . . . . . . . . . . . Meltdown 1 | . . . . . . . . . . . . . . . . . . . . . . . . . . . . . . 1 Destroy 96 | . 3 . . . . 1 10 . . 12 1 14 3 . . 3 2 . . . . . . 33 . . 1 2 10 1 Blast 8 | . . 1 1 1 . . . . . . . . . 1 . 3 . . . . . . . . . . . . . 1 Corrupt 1 | . . . . . . . . . . . . . . . . 1 . . . . . . . . . . . . . . Smash 1 | . . . . . . . . . . . . . . . 1 . . . . . . . . . . . . . . . Sever 2 | . . . . . . . . . . . . . . . . . . . . . . . . . . . . . . 2 Impale 24 | . . . . . . . . . . . . . . . . . . . . 1 . 3 1 7 . . 1 5 . 6 Intensify 2 | . . . . . . . . . . . . . . . . . . . 1 1 . . . . . . . . . . Melee Attacks 223 | . 6 . . . 4 . . . . . . . 4 . 3 . . . . 5 . 12 11 59 . . 6 36 9 68 Impact 5 | . . . . . . . . . . . . . 2 . 3 . . . . . . . . . . . . . . . Slashing 12 | . 6 . . . . . . . . . . . . . . . . . . . . . . . . . . . 1 5 Piercing 193 | . . . . . . . . . . . . . . . . . . . . 4 . 12 5 59 . . 6 36 8 63 Sneak Attacks 59 | . . . . . 4 . . . . . . . 2 . . . . . . 2 . 10 7 5 . . . 12 1 16 Combat Hostiles . | . . . . . . . . . . . . . . . . . . . . . . . . . . . . . . . Follow-up Attacks 2 | . . . . . . . . . . . . . . . . . . . . . . . . . . . . 2 . . Damage Inflicted 68694 | 117 1716 946 1241 135 1274 1920 905 1807 90 1764 59 2893 3250 610 777 8448 1940 337 605 3156 2989 1342 715 7866 57 . 3118 2368 2946 13303 Guns 19763 | 117 935 69 309 42 1274 1260 223 60 . 250 59 1612 120 . 138 5007 965 . 540 627 . . 262 3414 . . 427 923 657 473 Cannons 24909 | . 240 74 734 33 . 162 625 891 23 263 . 1281 2981 610 496 1784 121 337 46 2402 2989 644 . 1482 57 . 2489 115 1530 2500 Explosions 17467 | . 511 797 186 . . 498 36 827 . 1251 . . 35 . . 1616 817 . . . . . 305 1617 . . . . 652 8319 Melee 5739 | . . . . . . . . . . . . . . . 143 . . . . 127 . 698 148 1353 . . 202 1322 107 1639 Ramming 409 | . 30 6 12 60 . . 21 29 67 . . . 114 . . . . . 19 . . . . . . . . 8 . 43 Kinetic 22597 | 74 1175 143 666 75 1274 1260 712 467 . 484 59 2477 2399 610 496 2501 103 140 46 80 . . 130 3414 . . 427 923 657 1805 Thermal 17984 | 43 . 106 377 . . 154 36 471 . 29 . 209 . . 138 4078 862 . . 2322 2989 644 . 1889 57 . 2489 . . 1091 Explosive 14175 | . 511 691 186 . . 344 . 723 . 1251 . . . . . 1616 817 . . . . . . 1210 . . . . . 6826 Electromagnetic 6084 | . . . . . . 162 136 117 23 . . 207 737 . . 212 121 197 . . . . 305 . . . . 115 2182 1570 Impact 143 | . . . . . . . . . . . . . . . 143 . . . . . . . . . . . . . . . Slashing 407 | . . . . . . . . . . . . . . . . 41 37 . . . . . . . . . . . . 329 Piercing 5596 | . . . . . . . . . . . . . . . . . . . . 127 . 698 148 1353 . . 202 1322 107 1639 Phasic 1299 | . . . . . . . . . . . . . . . . . . . 540 627 . . 132 . . . . . . . Highest Corruption 24 | . . . . . . . . 1 1 2 . . 1 1 1 1 . . . . . . . 12 20 20 24 . 1 2 Average Corruption 4 | . . . . . . . . 1 1 2 . . 1 1 1 1 . . . . . . . 6 18 20 23 . 1 1 Corruption Purged . | . . . . . . . . . . . . . . . . . . . . . . . . . . . . . . . Corruption Blocked 11 | . . . . . . . . . . . . . . . . . . . . . . . . . . . . . . 11 Effects 147 | . . . . . . . . 2 6 1 . . 4 3 7 6 . . . . . . . 66 4 1 26 . 2 19 Message Errors 31 | . . . . . . . . . 2 . . . 1 . 2 . . . . . . . . 15 1 . 4 . 1 5 Matter Fused 33 | . . . . . . . . . . . . . . 1 3 4 . . . . . . . 14 1 . 6 . . 4 Heat Flow Errors 16 | . . . . . . . . . 1 . . . . . 1 . . . . . . . . 6 . . 4 . 1 3 Energy Discharges 15 | . . . . . . . . . . 1 . . . . 1 1 . . . . . . . 8 1 . 2 . . 1 Parts Fused 1 | . . . . . . . . . . . . . . . . . . . . . . . . . . . 1 . . . Data Loss (minor) 18 | . . . . . . . . 1 2 . . . . . . . . . . . . . . 12 . . 2 . . 1 Data Loss (major) 12 | . . . . . . . . 1 . . . . . 2 . 1 . . . . . . . 3 . . 2 . . 3 Misfires 11 | . . . . . . . . . 1 . . . 3 . . . . . . . . . . 2 1 1 2 . . 1 Alerts 1 | . . . . . . . . . . . . . . . . . . . . . . . . 1 . . . . . . Misdirections 2 | . . . . . . . . . . . . . . . . . . . . . . . . 1 . . 1 . . . Weapon Failures 7 | . . . . . . . . . . . . . . . . . . . . . . . . 4 . . 2 . . 1 Overload Shots . | . . . . . . . . . . . . . . . . . . . . . . . . . . . . . . . Overflow Damage 2900 | . 16 193 38 . . 3 1 38 . 23 . . 159 10 52 190 . . . 68 95 94 146 319 . . 127 132 48 1148 Projectiles 923 | . . . 14 . . . . . . . . . 150 10 . 190 . . . 68 95 7 . 66 . . 117 . 48 158 Explosions 831 | . 16 193 24 . . 3 1 38 . 23 . . . . . . . . . . . . 22 . . . . . . 511 Melee 1146 | . . . . . . . . . . . . . 9 . 52 . . . . . . 87 124 253 . . 10 132 . 479 Knockbacks 45 | . 2 2 . 2 . . 9 7 . . . 5 8 . 2 . . . . . . . . . . . . . . 8 Impact 4 | . . . . 2 . . . . . . . . . . 2 . . . . . . . . . . . . . . . Kinetic 41 | . 2 2 . . . . 9 7 . . . 5 8 . . . . . . . . . . . . . . . . 8 Secondary . | . . . . . . . . . . . . . . . . . . . . . . . . . . . . . . . Self-Inflicted Damage 554 | . 36 53 27 . . 71 . . . 22 . . . . . . 23 . . . . . . 24 . . . . 91 207 Shots 31 | . 2 2 1 . . 3 . . . 1 . . . . . . 1 . . . . . . 1 . . . . 9 11 Rammed 35 | . 5 . 1 3 . . 2 4 4 . . . 11 . . . . . 1 . . . . . . . . 2 . 2 Targets Rammed 43 | . 5 2 1 4 . . 3 4 6 . . . 12 . . . . . 1 . . . . . . . . 2 . 3 Kicked . | . . . . . . . . . . . . . . . . . . . . . . . . . . . . . . . Crushed 8 | . . 2 . 1 . . 1 . 2 . . . 1 . . . . . . . . . . . . . . . . 1 Highest Temperature 594 | . 2 19 108 . . 117 297 446 244 436 . 594 373 179 239 538 354 3 324 37 . . 97 276 . . 185 232 330 395 Average Temperature 85 | . 1 8 32 . . 42 103 127 97 183 . 146 128 93 95 55 137 3 103 11 . . 41 69 . . 49 69 117 81 Received Heat Transfer 5468 | . 210 72 116 . . 42 387 153 . 883 . 569 319 72 150 27 345 24 32 274 54 18 45 539 . . 579 36 33 489 Effects 32 | . . . . . . . 1 . . 3 . 9 . . . 1 5 . 1 . . . . . . . . . 7 5 Shutdowns 1 | . . . . . . . . . . . . 1 . . . . . . . . . . . . . . . . . . Energy Bleed 4 | . . . . . . . 1 . . . . 1 . . . . . . . . . . . . . . . . 1 1 Interference 15 | . . . . . . . . . . . . 3 . . . . 4 . . . . . . . . . . . 5 3 Matter Decay 4 | . . . . . . . . . . . . 1 . . . 1 . . 1 . . . . . . . . . . 1 Short Circuit 2 | . . . . . . . . . . 2 . . . . . . . . . . . . . . . . . . . . Damage (minor) 3 | . . . . . . . . . . 1 . . . . . . 1 . . . . . . . . . . . 1 . Damage (major) 3 | . . . . . . . . . . . . 3 . . . . . . . . . . . . . . . . . . Siege Activations 22 | . . . . . . . . . . . . . 7 2 2 2 . . . . 1 . . . . . 2 . 6 . Total Turns 371 | . . . . . . . . . . . . . 88 20 23 58 . . . . 49 . . . . . 21 . 112 . Longest Duration 60 | . . . . . . . . . . . . . 28 17 16 36 . . . . 49 . . . . . 18 . 60 . Martial Activations . | . . . . . . . . . . . . . . . . . . . . . . . . . . . . . . . Shielding Activations . | . . . . . . . . . . . . . . . . . . . . . . . . . . . . . . . Robots Disrupted 1 | . . . . . . . . . . . . . . . . . . . . . . . . . . . . . 1 . Combat Hostiles 1 | . . . . . . . . . . . . . . . . . . . . . . . . . . . . . 1 . Robots Corrupted 25 | . . . . . . 1 . . . . . 1 1 . 1 . 1 1 . . . . . . . . . . 13 6 Combat Hostiles 25 | . . . . . . 1 . . . . . 1 1 . 1 . 1 1 . . . . . . . . . . 13 6 Parts Fried 58 | . . . . . . 1 . . . . . . 3 . . . . . . 1 . . 3 . . . . . 36 14 Impact Corruptions 2 | . . . . . . . . . . . . . 1 . 1 . . . . . . . . . . . . . . . Robots Melted 4 | . . . . . . . . . . . . . . . . 1 1 . . 1 . . . . . . . . . 1 Combat Hostiles 3 | . . . . . . . . . . . . . . . . . 1 . . 1 . . . . . . . . . 1 Parts Melted 41 | . . . 1 . . . . . . 2 . . . . . 9 4 . . 4 3 . . 6 . . . . 8 4 Heat Transferred 17917 | 100 . 100 777 . . 150 50 581 . 25 . 409 . . 222 7631 1480 . . 1325 1650 350 . 1050 25 . 1300 . . 692 Parts Sabotaged . | . . . . . . . . . . . . . . . . . . . . . . . . . . . . . . . Parts Stolen 3 | . . . . . . . . . . . . . . . 3 . . . . . . . . . . . . . . . Parts Stripped . | . . . . . . . . . . . . . . . . . . . . . . . . . . . . . . . Power Chain Reactions 3 | . . . . . . . 1 1 . . . . . . . . . . . . . . . . . . . . . 1 Alert | -11 -10 -10 -9 -9 -9 -8 -8 -8 -8 -8 -6 -6 -6 -6 -6 -6 -6 -5 -5 -5 -5 -5 -5 -4 -4 -4 -4 -3 -3 -2 ------- Run | Yrd Mat Min Mat Min Exi Min Mat Sto Rec Scr Fac Gar Fac Low Low Zio Dee Pro Fac Ext Cet Arc Hub Fac Was Fac DSF Res Qua Res Maximum Alert Level 5 | . 1 . 1 . . . . 1 . . . 3 4 . . . . . . 2 1 . 1 3 1 . 2 1 1 5 Low Security (%) 64 | 100 84 100 81 100 . 100 100 81 100 . 100 17 . . . . . . 100 81 57 100 98 57 . 100 43 91 74 2 Level 1 15 | . 15 . 18 . . . . 18 . . . 4 . . . . . . . 18 42 . 1 28 100 . 30 8 25 33 Level 2 9 | . . . . . . . . . . . . 42 12 . . . . . . . . . . 11 . . 25 . . 31 Level 3 6 | . . . . . . . . . . . . 35 58 . . . . . . . . . . 2 . . . . . 4 Level 4 3 | . . . . . . . . . . . . . 29 . . . . . . . . . . . . . . . . 21 Level 5 . | . . . . . . . . . . . . . . . . . . . . . . . . . . . . . . 6 High Security . | . . . . . . . . . . . . . . . . . . . . . . . . . . . . . . . Max Security . | . . . . . . . . . . . . . . . . . . . . . . . . . . . . . . . Sterilizations 1 | . . . . . . . . . . . . . . . . . . . . . . . . . . . 1 . . . Peak Influence 1888 | 20 257 135 310 113 . 169 116 253 112 . 5 963 1332 . . . . . 63 426 238 84 317 769 267 160 415 233 381 1888 Initial 505 | . . 35 8 113 . . 48 37 89 . . 13 505 . . . . . . 14 227 63 . 149 267 158 112 233 72 210 Average 249 | 3 122 29 115 9 . 55 85 77 49 . . 554 970 . . . . . 15 91 196 11 15 223 249 158 268 112 137 705 Influence Increases 13767 | 20 650 284 678 18 . 336 304 556 194 . 33 1040 1455 16 95 . . 30 211 987 231 157 408 1429 . 2 363 386 1005 2879 Destroy 0b10 Robot/C 5916 | . 420 120 420 . . 200 160 320 40 . . 356 464 16 80 . . 20 80 500 160 80 40 620 . . 260 180 380 1000 Destroy 0b10 Robot/NC 815 | 20 55 10 50 15 . 30 10 15 10 . 10 34 76 . 5 . . . 15 70 10 45 35 90 . . 10 55 10 135 Destroy Leader 1218 | . 88 20 130 . . 30 32 94 . . . 30 108 . 10 . . 10 22 66 . . 14 134 . . 40 36 140 214 Allied During Kill 498 | . . 13 33 3 . . . 5 6 . . 64 223 . . . . . . 120 30 1 . . . . . . . . Successful Hack 642 | . 23 . 10 . . . 30 11 18 . 14 21 39 . . . . . 28 67 . . 5 75 . . . 65 122 114 Select Force Hacks 170 | . . . . . . . . . 120 . . . . . . . . . . . . . 50 . . . . . . . Disable Machine 975 | . 30 30 . . . 30 15 60 . . . . 240 . . . . . 30 45 15 15 45 150 . . 15 . 135 120 Anti-Garrison Action 760 | . . . . . . . . . . . . 460 . . . . . . . . . . . . . . . . 150 150 Destroy Structure 2059 | . 34 91 20 . . 31 12 51 . . 9 75 161 . . . . . 36 104 16 16 174 360 . 2 38 20 8 801 Partial Spotted 117 | . . . . . . . . . . . . . 12 . . . . . . . . . 30 . . . . . 15 60 Lose Combat Pursuer 597 | . . . 15 . . 15 45 . . . . . 132 . . . . . . 15 . . 15 . . . . 30 45 285 Influence Decreases 11745 | 20 559 353 409 309 . 211 339 416 411 13 14 96 1100 751 552 126 . 30 180 612 479 315 101 971 538 69 108 672 759 1232 Entered New Map 3191 | . . 56 14 178 . . 77 53 141 13 . 6 458 489 112 126 . . . 17 179 95 . 158 498 69 48 182 57 165 Time Decay 7257 | 20 525 277 395 131 . 201 222 363 270 . 14 . 482 262 410 . . 30 161 411 230 200 81 693 40 . . 470 652 717 Lost Part 913 | . 34 . . . . 10 40 . . . . 30 90 . 30 . . . 19 40 10 . 20 110 . . 60 20 50 350 Lost Ally 384 | . . 20 . . . . . . . . . 60 70 . . . . . . 144 60 20 . 10 . . . . . . Squads Dispatched 77 | . 5 . 5 . . . 1 3 . . . . 13 . . . . . 1 1 . . 2 11 . . 2 6 3 24 Investigation 14 | . 2 . 1 . . . . . . . . . 1 . . . . . . . . . 1 2 . . . 3 1 3 Extermination 16 | . . . . . . . . . . . . . 2 . . . . . 1 . . . . 4 . . . . . 9 Reinforcement 29 | . 3 . 4 . . . 1 1 . . . . 3 . . . . . . 1 . . 1 4 . . 2 3 . 6 Assault 15 | . . . . . . . . 2 . . . . 4 . . . . . . . . . . 1 . . . . 2 6 Garrison 3 | . . . . . . . . . . . . . 3 . . . . . . . . . . . . . . . . . Intercept . | . . . . . . . . . . . . . . . . . . . . . . . . . . . . . . . Searches Triggered . | . . . . . . . . . . . . . . . . . . . . . . . . . . . . . . . Unchained Authorized 2 | . . . . . . . . . . . . . . . . . . . . 1 . . . 1 . . . . . . Construction Impeded 9 | . . . 1 . . . 1 . . . . . 2 . . . . . . . . . 1 2 . . . . . 2 Haulers Reinforced 2 | . . . . . . . . . . . . . 1 . . . . . . . . . . . . . . . . 1 Active Scanning Responses . | . . . . . . . . . . . . . . . . . . . . . . . . . . . . . . . Cargo Convoy Interrupts . | . . . . . . . . . . . . . . . . . . . . . . . . . . . . . . . Stealth | -11 -10 -10 -9 -9 -9 -8 -8 -8 -8 -8 -6 -6 -6 -6 -6 -6 -6 -5 -5 -5 -5 -5 -5 -4 -4 -4 -4 -3 -3 -2 --------- Run | Yrd Mat Min Mat Min Exi Min Mat Sto Rec Scr Fac Gar Fac Low Low Zio Dee Pro Fac Ext Cet Arc Hub Fac Was Fac DSF Res Qua Res Distress Signals 30 | . 1 . 3 . . . 4 3 . . . . 2 . . . . . . 1 2 . . 1 . . . 8 . 5 Communications Jammed 27 | . . . . . . . . . . . . . . . . . . . . . . . . 1 . . 2 . 12 12 Distress Signals 24 | . . . . . . . . . . . . . . . . . . . . . . . . 1 . . . . 12 11 Times Spotted 596 | . 37 15 30 . 1 12 14 23 . 46 . 20 55 2 7 50 10 1 10 30 10 12 13 40 4 . 14 21 26 93 Peak Tracking Total 17 | . 6 4 4 . 2 4 4 5 . 11 . 7 17 2 2 5 5 1 2 6 5 1 8 5 2 . 4 6 6 8 Tactical Retreats 28 | . . . 1 . . 1 2 . . 1 . . 3 . . 7 . . . 1 . . 1 . . . . 2 1 8 ID Masks Used 1 | . . . . . . . . . . . . . . . . . . . . . . . . . . . . . . 1 IFF Responses 1998 | . . . . . . . . . . . . . . . . . . . . . . . . . . . . . . 1998 Traps | -11 -10 -10 -9 -9 -9 -8 -8 -8 -8 -8 -6 -6 -6 -6 -6 -6 -6 -5 -5 -5 -5 -5 -5 -4 -4 -4 -4 -3 -3 -2 ------- Run | Yrd Mat Min Mat Min Exi Min Mat Sto Rec Scr Fac Gar Fac Low Low Zio Dee Pro Fac Ext Cet Arc Hub Fac Was Fac DSF Res Qua Res Traps Triggered 17 | . 1 . 1 . . . . 1 . . . 2 1 . . . . . 1 . . . 1 1 . . . 3 . 5 Indirectly 2 | . . . . . . . . . . . . . 1 . . . . . . . . . . . . . . . . 1 Trap Hack Attempts . | . . . . . . . . . . . . . . . . . . . . . . . . . . . . . . . Triggered . | . . . . . . . . . . . . . . . . . . . . . . . . . . . . . . . Disarmed 18 | . . . . . . . . . . . . . 12 . . . . . . . . . . 6 . . . . . . Reprogrammed . | . . . . . . . . . . . . . . . . . . . . . . . . . . . . . . . Reused . | . . . . . . . . . . . . . . . . . . . . . . . . . . . . . . . Traps Extracted . | . . . . . . . . . . . . . . . . . . . . . . . . . . . . . . . Installed . | . . . . . . . . . . . . . . . . . . . . . . . . . . . . . . . Triggered . | . . . . . . . . . . . . . . . . . . . . . . . . . . . . . . . Most Traps Carried 1 | . . . . 1 1 . . . . . . . . . . . . . . . . . . . . . . . . . Objects Rigged 1 | . . . . . . . . . . . . . . . . . . . . . . . 1 . . . . . . . Exploded 1 | . . . . . . . . . . . . . . . . . . . . . . . 1 . . . . . . . Machines | -11 -10 -10 -9 -9 -9 -8 -8 -8 -8 -8 -6 -6 -6 -6 -6 -6 -6 -5 -5 -5 -5 -5 -5 -4 -4 -4 -4 -3 -3 -2 ---------- Run | Yrd Mat Min Mat Min Exi Min Mat Sto Rec Scr Fac Gar Fac Low Low Zio Dee Pro Fac Ext Cet Arc Hub Fac Was Fac DSF Res Qua Res Machines Disabled 90 | . 2 2 1 . 2 2 1 4 . 2 . 5 20 . . 7 2 . 2 3 1 1 3 10 . . 1 . 10 9 Max in Single Turn 3 | . 1 2 1 . 1 1 1 1 . 1 . 1 1 . . 1 1 . 1 1 1 1 2 3 . . 1 . 1 1 Garrison Access 11 | . . . . . . . 1 . . . . . . . . . . . 1 . . . 1 2 . . . 1 1 4 Garrison Relay 5 | . . . . . . . . . . . . 5 . . . . . . . . . . . . . . . . . . Phase Generator 1 | . . . . . . . . . . . . 1 . . . . . . . . . . . . . . . . . . Network Hub 3 | . . . . . . . . . . . . . . . . . . . . . . . 3 . . . . . . . Machines Repaired . | . . . . . . . . . . . . . . . . . . . . . . . . . . . . . . . Machines Dismantled . | . . . . . . . . . . . . . . . . . . . . . . . . . . . . . . . Machines Sabotaged 1 | . . . . . . . . . . . . . . . . . . . . . . . 1 . . . . . . . Overloaded Fab Kills . | . . . . . . . . . . . . . . . . . . . . . . . . . . . . . . . Hacking | -11 -10 -10 -9 -9 -9 -8 -8 -8 -8 -8 -6 -6 -6 -6 -6 -6 -6 -5 -5 -5 -5 -5 -5 -4 -4 -4 -4 -3 -3 -2 --------- Run | Yrd Mat Min Mat Min Exi Min Mat Sto Rec Scr Fac Gar Fac Low Low Zio Dee Pro Fac Ext Cet Arc Hub Fac Was Fac DSF Res Qua Res Machines Accessed 116 | . 8 . 8 . 2 . 5 5 10 . 2 2 5 1 1 . . . 6 9 1 . 3 14 . 1 . 8 12 13 Terminals 71 | . 5 . 5 . . . 3 5 6 . . 2 5 . . . . . 3 9 1 . 2 5 . 1 . 5 8 6 Fabricators 6 | . . . . . . . . . . . . . . . . . . . 1 . . . . 4 . . . 1 . . Repair Stations 8 | . 1 . 2 . . . . . . . 1 . . . . . . . . . . . . 1 . . . . 1 2 Recycling Units 9 | . 2 . . . . . . . 4 . . . . . . . . . 1 . . . . 1 . . . . . 1 Scanalyzers 8 | . . . 1 . . . 1 . . . . . . . . . . . . . . . . 1 . . . 1 2 2 Garrison Access 10 | . . . . . . . 1 . . . 1 . . . . . . . 1 . . . 1 2 . . . 1 1 2 Total Hacks 350 | . 20 . 21 . 6 . 21 12 20 . 2 4 11 1 1 . . . 12 12 1 . 10 70 . 1 . 48 32 45 Successful 196 | . 10 . 14 . 6 . 13 4 15 . 1 2 6 1 1 . . . 5 8 . . 8 48 . 1 . 21 16 16 Failed 151 | . 10 . 7 . . . 8 8 5 . 1 2 5 . . . . . 7 4 1 . 2 21 . . . 26 16 28 Catastrophic 30 | . 2 . . . . . 1 1 1 . 1 . 2 . . . . . 2 2 1 . . 1 . . . 8 4 4 Database Lockouts 3 | . . . . . . . . . . . . . . . . . . . . . . . . 1 . . . 1 . 1 Manual 150 | . 12 . 10 . 1 . 8 7 16 . . . 1 . . 5 . . 6 5 . . 8 22 . . . 28 8 13 Terminals 202 | . 13 . 12 . . . 9 12 15 . . 4 11 . . . . . 5 12 1 . 8 26 . 1 . 32 17 24 Fabricators 23 | . . . . . . . . . . . . . . . . . . . 2 . . . . 15 . . . 6 . . Repair Stations 27 | . 2 . 7 . . . . . . . 1 . . . . . . . . . . . . 4 . . . . 4 9 Recycling Units 23 | . 5 . . . . . . . 5 . . . . . . . . . 3 . . . . 4 . . . . . 6 Scanalyzers 51 | . . . 2 . . . 11 . . . . . . . . . . . . . . . . 17 . . . 8 10 3 Garrison Access 16 | . . . . . . . 1 . . . 1 . . . . . . . 2 . . . 2 4 . . . 2 1 3 Terminal Hacks 57 | . 5 . 1 . 6 . 5 1 4 . . 2 5 1 1 . . . 1 5 . . 1 6 . 1 . 1 6 5 Record 5 | . . . . . 5 . . . . . . . . . . . . . . . . . . . . . . . . . Part Schematic 4 | . 1 . . . . . 1 . . . . . . . . . . . . . . . 1 . . . . . 1 . Robot Analysis 6 | . 2 . . . . . 3 . 1 . . . . . . . . . . . . . . . . . . . . . Prototype ID Bank 3 | . 1 . . . . . . . 2 . . . . . . . . . . . . . . . . . . . . . Open Door 8 | . . . . . . . . 1 . . . 1 . 1 1 . . . . 3 . . . . . . . . 1 . Open DSF 1 | . . . . . . . . . . . . . . . . . . . . . . . . . . 1 . . . . Level Access Points 1 | . . . . . . . . . . . . . . . . . . . . . . . . . . . . . 1 . Branch Access Points 2 | . . . 1 . . . . . . . . . 1 . . . . . . . . . . . . . . . . . Emergency Access Points 3 | . . . . . . . . . . . . 1 . . . . . . . . . . . . . . . . . 2 Machine Index 2 | . . . . . . . . . . . . . 1 . . . . . . . . . . 1 . . . . . . Terminal Index 3 | . . . . . . . . . 1 . . . 1 . . . . . . . . . . . . . . 1 . . Locate Traps 5 | . 1 . . . . . . . . . . . . . . . . . . 2 . . . 1 . . . . 1 . Disarm Traps 3 | . . . . . . . . . . . . . 2 . . . . . . . . . . 1 . . . . . . Recall Investigation 1 | . . . . . . . . . . . . . . . . . . . . . . . . 1 . . . . . . Recall Extermination 1 | . . . . . . . . . . . . . . . . . . . . . . . . . . . . . . 1 Recall Reinforcements 1 | . . . . . . . . . . . . . . . . . . . . . . . . . . . . . . 1 Hauler Manifests 1 | . . . . . . . 1 . . . . . . . . . . . . . . . . . . . . . . . Registered Components 3 | . . . . . . . . . . . . . . . . . . . . . . . . 1 . . . . 1 1 Zone Layout 3 | . . . . . . . . . . . . . . . . . . . 1 . . . . 1 . . . . 1 . Proto ID Catalog 1 | . . . . . 1 . . . . . . . . . . . . . . . . . . . . . . . . . Fabricator Hacks 13 | . . . . . . . . . . . . . . . . . . . 1 . . . . 7 . . . 5 . . Network Status 1 | . . . . . . . . . . . . . . . . . . . 1 . . . . . . . . . . . Load Schematic 7 | . . . . . . . . . . . . . . . . . . . . . . . . 4 . . . 3 . . Build 5 | . . . . . . . . . . . . . . . . . . . . . . . . 3 . . . 2 . . Repair Station Hacks 13 | . 2 . 6 . . . . . . . . . . . . . . . . . . . . 1 . . . . 2 2 Scan Component 6 | . 1 . 3 . . . . . . . . . . . . . . . . . . . . 1 . . . . 1 . Repair 5 | . 1 . 3 . . . . . . . . . . . . . . . . . . . . . . . . . 1 . Refit 2 | . . . . . . . . . . . . . . . . . . . . . . . . . . . . . . 2 Recycling Unit Hacks 2 | . 1 . . . . . . . . . . . . . . . . . . . . . . 1 . . . . . . Report Inventory 1 | . . . . . . . . . . . . . . . . . . . . . . . . 1 . . . . . . Retrieve Components 1 | . 1 . . . . . . . . . . . . . . . . . . . . . . . . . . . . . Scanalyzer 33 | . . . 1 . . . 7 . . . . . . . . . . . . . . . . 12 . . . 7 4 2 Insert Component 10 | . . . . . . . 4 . . . . . . . . . . . . . . . . 3 . . . 1 1 1 Analyze 12 | . . . . . . . 3 . . . . . . . . . . . . . . . . 7 . . . 2 . . Retrieve Study 11 | . . . 1 . . . . . . . . . . . . . . . . . . . . 2 . . . 4 3 1 Garrison Access Hacks 16 | . . . . . . . 1 . . . 1 . . . . . . . 2 . . . 2 4 . . . 2 1 3 Unlock Access 1 | . . . . . . . . . . . 1 . . . . . . . . . . . . . . . . . . . Seal Access 8 | . . . . . . . 1 . . . . . . . . . . . 1 . . . 1 2 . . . 1 . 2 Coupler Status 7 | . . . . . . . . . . . . . . . . . . . 1 . . . 1 2 . . . 1 1 1 Unauthorized Hacks 62 | . 2 . 6 . . . . 3 11 . . . 1 . . . . . 1 3 . . 5 17 . . . 6 3 4 Terminals 46 | . . . 6 . . . . 3 7 . . . 1 . . . . . 1 3 . . 5 10 . . . 5 3 2 Track 5 | . . . . . . . . . . . . . . . . . . . . . . . 1 3 . . . . 1 . Assimilate 2 | . . . . . . . . . . . . . . . . . . . . . . . . . . . . 1 . 1 Botnet 17 | . . . 1 . . . . . 2 . . . 1 . . . . . 1 2 . . 2 2 . . . 3 2 1 Detonate 1 | . . . . . . . . . . . . . . . . . . . . . . . 1 . . . . . . . Operators 3 | . . . . . . . . . . . . . . . . . . . . 1 . . . 1 . . . 1 . . Skim 17 | . . . 5 . . . . 3 5 . . . . . . . . . . . . . . 4 . . . . . . Sabotage 1 | . . . . . . . . . . . . . . . . . . . . . . . 1 . . . . . . . Fabricators 5 | . . . . . . . . . . . . . . . . . . . . . . . . 4 . . . 1 . . Report 1 | . . . . . . . . . . . . . . . . . . . . . . . . 1 . . . . . . Prioritize 1 | . . . . . . . . . . . . . . . . . . . . . . . . 1 . . . . . . Recompile 3 | . . . . . . . . . . . . . . . . . . . . . . . . 2 . . . 1 . . Repair Stations 1 | . . . . . . . . . . . . . . . . . . . . . . . . . . . . . . 1 Mechanics 1 | . . . . . . . . . . . . . . . . . . . . . . . . . . . . . . 1 Recycling Units 10 | . 2 . . . . . . . 4 . . . . . . . . . . . . . . 3 . . . . . 1 Monitor 1 | . 1 . . . . . . . . . . . . . . . . . . . . . . . . . . . . . Reject 2 | . 1 . . . . . . . . . . . . . . . . . . . . . . 1 . . . . . . Recyclers 1 | . . . . . . . . . . . . . . . . . . . . . . . . 1 . . . . . . Mask 2 | . . . . . . . . . . . . . . . . . . . . . . . . 1 . . . . . 1 Tunnel 4 | . . . . . . . . . 4 . . . . . . . . . . . . . . . . . . . . . Scanalyzers . | . . . . . . . . . . . . . . . . . . . . . . . . . . . . . . . Garrison Access . | . . . . . . . . . . . . . . . . . . . . . . . . . . . . . . . Data Cores Recovered 2 | . . . . . . . . . . . . . 2 . . . . . . . . . . . . . . . . . Used . | . . . . . . . . . . . . . . . . . . . . . . . . . . . . . . . Hacking Detections 68 | . 6 . 6 . . . 3 5 4 . 1 . 5 . . . . . 6 5 1 . 1 6 . . . 6 6 7 Full Trace Events 4 | . 1 . . . . . . 1 . . . . 1 . . . . . . . . . . . . . . 1 . . Feedback Events . | . . . . . . . . . . . . . . . . . . . . . . . . . . . . . . . Feedback Blocked . | . . . . . . . . . . . . . . . . . . . . . . . . . . . . . . . Robot Schematics Acquired 5 | . . . . . . . . . . . . . . . . 2 . . . . . . . . . . . . 3 . Robots Built . | . . . . . . . . . . . . . . . . . . . . . . . . . . . . . . . Authchips . | . . . . . . . . . . . . . . . . . . . . . . . . . . . . . . . Time . | . . . . . . . . . . . . . . . . . . . . . . . . . . . . . . . Total Robot Build Rating . | . . . . . . . . . . . . . . . . . . . . . . . . . . . . . . . Part Schematics Acquired 23 | . 1 . . . . . 3 . . . . . . . . 11 . . . . . . 1 3 . . . 1 3 . Parts Built 6 | . . . . . . . . . . . . . . . . . . . . . . . . 3 . . . 3 . . Authchips 4 | . . . . . . . . . . . . . . . . . . . . . . . . 2 . . . 2 . . Time 323 | . . . . . . . . . . . . . . . . . . . . . . . . 268 . . . 55 . . Total Part Build Rating 33 | . . . . . . . . . . . . . . . . . . . . . . . . 20 . . . 13 . . Part Studies Acquired 11 | . . . 1 . . . . . . . . . . . . . . . . . . . . 2 . . . 4 3 1 Parts Repaired 5 | . 1 . 3 . . . . . . . . . . . . . . . . . . . . . . . . . 1 . Time 174 | . 26 . 114 . . . . . . . . . . . . . . . . . . . . . . . . . 34 . Parts Recycled . | . . . . . . . . . . . . . . . . . . . . . . . . . . . . . . . Recycled Matter . | . . . . . . . . . . . . . . . . . . . . . . . . . . . . . . . Retrieved Matter . | . . . . . . . . . . . . . . . . . . . . . . . . . . . . . . . Retrieved Components 10 | . 10 . . . . . . . . . . . . . . . . . . . . . . . . . . . . . Parts Scanalyzed 7 | . . . . . . . 3 . . . . . . . . . . . . . . . . 3 . . . 1 . . Part Schematics Acquired 6 | . . . . . . . 2 . . . . . . . . . . . . . . . . 3 . . . 1 . . Parts Damaged 2 | . . . . . . . 1 . . . . . . . . . . . . . . . . 1 . . . . . . Bothacking | -11 -10 -10 -9 -9 -9 -8 -8 -8 -8 -8 -6 -6 -6 -6 -6 -6 -6 -5 -5 -5 -5 -5 -5 -4 -4 -4 -4 -3 -3 -2 ------------ Run | Yrd Mat Min Mat Min Exi Min Mat Sto Rec Scr Fac Gar Fac Low Low Zio Dee Pro Fac Ext Cet Arc Hub Fac Was Fac DSF Res Qua Res Used RIF Installer 1 | . . . . . . . . . . . . 1 . . . . . . . . . . . . . . . . . . Robots Hacked 37 | . . . . . 4 . . . . . . . 10 . . . . . . 1 . . 4 8 4 . . 4 2 . Non-combat 28 | . . . . . 3 . . . . . . . 9 . . . . . . . . . 4 7 . . . 3 2 . Combat 9 | . . . . . 1 . . . . . . . 1 . . . . . . 1 . . . 1 4 . . 1 . . Robot Hacks Applied 43 | . . . . . 4 . . . . . . . 12 . . . . . . 1 . . 5 8 4 . . 7 2 . parse_system 8 | . . . . . 4 . . . . . . . 1 . . . . . . 1 . . . 1 . . . 1 . . find_chute 2 | . . . . . . . . . . . . . . . . . . . . . . . . 2 . . . . . . deconstruct_machine 2 | . . . . . . . . . . . . . . . . . . . . . . . 2 . . . . . . . ignore_repairs 3 | . . . . . . . . . . . . . 3 . . . . . . . . . . . . . . . . . map_walls 5 | . . . . . . . . . . . . . 2 . . . . . . . . . 2 1 . . . . . . find_fabricator 1 | . . . . . . . . . . . . . . . . . . . . . . . . . . . . 1 . . find_dsf 1 | . . . . . . . . . . . . . . . . . . . . . . . . . . . . 1 . . drop_inventory 5 | . . . . . . . . . . . . . . . . . . . . . . . . 2 . . . 2 1 . find_recycling 2 | . . . . . . . . . . . . . 1 . . . . . . . . . . . . . . 1 . . ignore_parts 1 | . . . . . . . . . . . . . . . . . . . . . . . . . . . . 1 . . map_route 1 | . . . . . . . . . . . . . . . . . . . . . . . 1 . . . . . . . ignore_targets 4 | . . . . . . . . . . . . . . . . . . . . . . . . . 4 . . . . . link_fov 1 | . . . . . . . . . . . . . . . . . . . . . . . . 1 . . . . . . amplify_resonance 2 | . . . . . . . . . . . . . 2 . . . . . . . . . . . . . . . . . formatsys_low 4 | . . . . . . . . . . . . . 3 . . . . . . . . . . 1 . . . . . . formatsys_high 1 | . . . . . . . . . . . . . . . . . . . . . . . . . . . . . 1 . Relay Couplers Released 34 | . . . . . . . . . . . . 20 . . . . . . 2 . . . 3 2 . . . . 3 4 Machine Destruction 34 | . . . . . . . . . . . . 20 . . . . . . 2 . . . 3 2 . . . . 3 4 Attached 8 | . . . . . . . . . . . . . 2 . . . . . . . . . 1 2 . . . 1 1 1 Fabnet Peak Effective % . | . . . . . . . . . . . . . . . . . . . . . . . . . . . . . . . Robots Rewired 16 | . . . . . . . . . . . . 5 . . . . . . . 11 . . . . . . . . . . Allies Hacked 1 | . . . . . . . . . . . . 1 . . . . . . . . . . . . . . . . . . Hacks Repelled . | . . . . . . . . . . . . . . . . . . . . . . . . . . . . . . . Allies | -11 -10 -10 -9 -9 -9 -8 -8 -8 -8 -8 -6 -6 -6 -6 -6 -6 -6 -5 -5 -5 -5 -5 -5 -4 -4 -4 -4 -3 -3 -2 -------- Run | Yrd Mat Min Mat Min Exi Min Mat Sto Rec Scr Fac Gar Fac Low Low Zio Dee Pro Fac Ext Cet Arc Hub Fac Was Fac DSF Res Qua Res Total Allies 39 | . . 3 . 2 . . . 2 . 5 . 5 3 . . . . . . 16 . . . 1 . . . . 1 1 Largest Group 7 | . . 3 1 3 3 . . 2 2 3 1 4 3 . . . . . . 7 5 1 . 1 . . . . 1 1 Highest-Rated Group 429 | . . 40 16 65 65 . . 62 62 253 191 429 429 . . . . . . 266 141 13 . 14 . . . . 10 26 Highest-Rated Ally 191 | . . 16 16 31 31 . . 31 31 191 191 191 191 . . . . . . 159 39 13 . 14 . . . . 10 26 Total Orders 12 | . . . . . 1 . . . . . . 4 2 . . 4 . . . . . . . 1 . . . . . . STAY 4 | . . . . . 1 . . . . . . 2 . . . 1 . . . . . . . . . . . . . . ROAM 1 | . . . . . . . . . . . . . . . . 1 . . . . . . . . . . . . . . FOLLOW 2 | . . . . . . . . . . . . 2 . . . . . . . . . . . . . . . . . . AID 3 | . . . . . . . . . . . . . 2 . . . . . . . . . . 1 . . . . . . EXPLORE 2 | . . . . . . . . . . . . . . . . 2 . . . . . . . . . . . . . . Ally Attacks 377 | . . 14 40 . 4 . . 2 3 86 . 27 80 . . . . . . 92 28 1 . . . . . . . . Total Damage 13294 | . . 109 391 . 3 . . 22 41 4912 . 1003 4120 . . . . . . 1852 802 39 . . . . . . . . Kills 89 | . . 4 8 . . . . 1 1 27 . 7 25 . . . . . . 13 2 1 . . . . . . . . Allies Corrupted 2 | . . . . . . . . . . . . 2 . . . . . . . . . . . . . . . . . . Allies Melted 2 | . . . . . . . . . . 1 . . . . . . . . . 1 . . . . . . . . . . Field Lobotomies 5 | . . . . . . . . . . 5 . . . . . . . . . . . . . . . . . . . . Intel | -11 -10 -10 -9 -9 -9 -8 -8 -8 -8 -8 -6 -6 -6 -6 -6 -6 -6 -5 -5 -5 -5 -5 -5 -4 -4 -4 -4 -3 -3 -2 ------- Run | Yrd Mat Min Mat Min Exi Min Mat Sto Rec Scr Fac Gar Fac Low Low Zio Dee Pro Fac Ext Cet Arc Hub Fac Was Fac DSF Res Qua Res Active Infowar (turns) 11595 | 29 504 . . . . . . . . 1 270 530 126 . 337 2 . . 318 997 . . 80 1471 86 18 480 1096 2048 3202 Optics 230 | . . . . . . . . . . . . . . . . . . . . . . . . 230 . . . . . . Sensors 6698 | . . . . . . . . . . . . . . . . . . . 318 997 . . 80 978 86 . . . 1920 2319 Terrain 1271 | 29 504 . . . . . . . . . . . . . . . . . . . . . . . . . . 1 . 737 Structural 1165 | . . . . . . . . . . . . . . . . . . . . . . . . 239 . . . 926 . . Traps 926 | . . . . . . . . . . . 270 530 126 . . . . . . . . . . . . . . . . . Decoding 2 | . . . . . . . . . . . . . . . . 2 . . . . . . . . . . . . . . Cloaking 526 | . . . . . . . . . . 1 . . . . 337 . . . . . . . . . . . . . . 188 Jamming 3755 | . . . . . . . . . . . . . . . . . . . . . . . . 885 . 18 480 935 435 1002 ID Mask 770 | . . . . . . . . . . . . . . . . . . . . . . . . . . . . . . 770 Robot Analysis Total 6 | . 2 . . . . . 3 . 1 . . . . . . . . . . . . . . . . . . . . . Derelict Logs Recovered 8 | . . . . 3 . . . . . . . . . 2 1 1 . 1 . . . . . . . . . . . . Drone Launches 2 | . . . . . . . . . . . . . . . . 2 . . . . . . . . . . . . . . Drone Recoveries . | . . . . . . . . . . . . . . . . . . . . . . . . . . . . . . . Exploration | -11 -10 -10 -9 -9 -9 -8 -8 -8 -8 -8 -6 -6 -6 -6 -6 -6 -6 -5 -5 -5 -5 -5 -5 -4 -4 -4 -4 -3 -3 -2 ------------- Run | Yrd Mat Min Mat Min Exi Min Mat Sto Rec Scr Fac Gar Fac Low Low Zio Dee Pro Fac Ext Cet Arc Hub Fac Was Fac DSF Res Qua Res Turns Passed 39230 | 113 1680 899 1197 1517 1571 1697 473 899 589 1703 293 2155 1240 576 990 4126 2163 380 732 1896 480 1163 354 2840 86 18 483 1190 2404 3323 Spaces Moved 21075 | 62 951 404 567 622 567 1054 194 462 369 921 163 954 585 344 464 1403 1187 215 353 786 156 409 228 1898 69 15 125 1445 1851 2252 Core 540 | 7 . . . . . 361 . . . 136 3 . . . . . . . . . . 1 . . . . . . 12 20 Treads 9725 | 3 122 125 . 620 540 91 180 462 369 729 . 755 585 344 303 549 1187 215 353 371 31 2 . . . . 60 257 772 700 Legs 2882 | . . . . . . . . . . . 28 188 . . . 683 . . . 415 125 219 . 1075 69 15 65 . . . Wheels 2903 | 52 829 279 567 2 27 602 14 . . 56 132 11 . . 161 171 . . . . . . . . . . . . . . Hover 5025 | . . . . . . . . . . . . . . . . . . . . . . 187 228 823 . . . 1188 1067 1532 Flight . | . . . . . . . . . . . . . . . . . . . . . . . . . . . . . . . Fastest Speed 33 | 50 100 140 140 155 230 50 154 154 154 50 90 155 140 152 160 112 162 164 162 132 132 44 92 40 117 117 117 34 34 33 Average Speed 134 | 97 138 195 150 239 239 124 154 154 154 134 158 172 146 152 183 145 163 164 163 173 195 139 103 96 117 117 166 60 97 86 Slowest Speed 1600 | 160 320 320 215 240 240 240 155 154 154 154 180 260 240 152 240 400 164 164 164 240 240 300 104 246 117 117 330 170 1600 900 Overloaded Moves 27 | . . . . . . . . . . . . . . . . . . . . . . . 7 . . . . . . 20 Propulsion Burnouts . | . . . . . . . . . . . . . . . . . . . . . . . . . . . . . . . Robots Hopped . | . . . . . . . . . . . . . . . . . . . . . . . . . . . . . . . Potential Cave-ins 12 | . . . . . . . . . . . . . 9 . . . . . . . . . . . . . 1 . . 2 Cave-ins Triggered . | . . . . . . . . . . . . . . . . . . . . . . . . . . . . . . . Teleports 4 | . . . . . . . . . . . . . . . . . . . . . . . . . . . . . 2 2 Exploration Rate (%) 59 | 3 97 84 49 98 70 98 20 49 93 53 5 96 18 52 62 89 84 51 9 85 66 97 23 22 75 1 88 42 95 58 Regions Visited 30 Branch Regions 17 Pre-discovered Areas 13 | . . . . 4 1 . . 1 6 . . . . . . 1 . . . . . . . . . . . . . . Known Exits Taken 14 | . . . 1 . . 1 1 . . 1 1 . 1 . 1 . . 1 1 1 1 . 1 . . 1 . . 1 . Unknown Exits Taken 12 | 1 1 1 . 1 1 . . 1 1 . . . . 1 . 1 1 . . . . 1 . . . . . 1 . . Scrap Searched 20 | . . 1 . 3 . 1 . . . 3 . . . 2 4 5 . 1 . . . . . . . . . . . . Spaces Dug 137 | . . . . . . . . 2 . . . 2 31 . . 2 . . 10 7 . 3 7 18 . . 4 5 1 45 Terrain Destroyed 1606 | . 33 154 22 . . 37 17 60 . 51 . 8 73 14 6 271 76 1 17 59 7 8 174 183 . 1 22 9 4 299 Melee 42 | . . . . . . . . . . . . . 2 . . . . . . . . . . 10 . . . 5 1 24 Projectile 392 | . . . . . . 2 17 5 . 9 . 5 70 14 6 37 8 1 17 35 7 8 17 42 . 1 22 4 1 64 AOE 1166 | . 33 154 22 . . 35 . 55 . 42 . . . . . 234 68 . . 24 . . 157 131 . . . . . 211 Terrain Rammed . | . . . . . . . . . . . . . . . . . . . . . . . . . . . . . . . Walls Destroyed . | . . . . . . . . . . . . . . . . . . . . . . . . . . . . . . . Machines Disabled . | . . . . . . . . . . . . . . . . . . . . . . . . . . . . . . . Actions | -11 -10 -10 -9 -9 -9 -8 -8 -8 -8 -8 -6 -6 -6 -6 -6 -6 -6 -5 -5 -5 -5 -5 -5 -4 -4 -4 -4 -3 -3 -2 --------- Run | Yrd Mat Min Mat Min Exi Min Mat Sto Rec Scr Fac Gar Fac Low Low Zio Dee Pro Fac Ext Cet Arc Hub Fac Was Fac DSF Res Qua Res Total 29007 | 96 1138 472 819 638 668 1267 316 609 388 1338 192 1282 886 393 568 2791 1334 230 472 1198 282 970 305 2583 73 15 324 1684 2343 3333 Wait 3344 | 12 40 26 143 . 12 18 40 77 3 312 2 44 109 29 45 355 40 6 55 179 66 485 21 229 . . 97 32 237 630 Move 21047 | 61 950 403 566 621 566 1053 193 461 368 920 163 953 584 343 463 1402 1186 214 352 785 155 408 227 1898 68 14 124 1444 1850 2252 Hop . | . . . . . . . . . . . . . . . . . . . . . . . . . . . . . . . Pick Up 414 | 8 27 3 20 3 9 28 11 6 3 11 12 22 18 8 12 20 10 1 6 3 6 21 3 47 . . 11 13 18 54 Fast Attach 276 | 4 1 1 3 1 . 6 1 . . 2 6 18 8 . 7 16 16 1 7 9 6 8 1 24 . . 13 27 47 43 Attach 192 | 3 5 . 3 . 7 6 6 . . 17 3 2 17 4 7 10 6 . 2 2 1 3 1 16 . . 5 12 14 40 Detach 65 | . . . . . . 1 . . . 3 2 2 11 . 2 5 3 . . 3 2 . . 5 . . 2 4 7 13 Swap 278 | . 14 10 10 2 3 10 8 12 2 5 . 24 6 1 1 21 11 . 7 12 2 2 6 33 . 1 3 15 19 38 Drop 523 | . 7 4 21 4 10 6 6 9 5 13 . 32 30 . 8 32 23 2 6 22 18 23 4 68 1 . 23 35 55 56 Fire 2434 | 8 83 23 52 3 57 139 48 40 1 55 4 147 87 8 20 930 39 6 36 79 26 8 31 204 4 . 39 34 87 136 Melee 221 | . 6 . . . 4 . . . . . . . 4 . 3 . . . . 5 . 12 11 59 . . 6 34 9 68 Ram 2 | . 1 . 1 . . . . . . . . . . . . . . . . . . . . . . . . . . . Kick . | . . . . . . . . . . . . . . . . . . . . . . . . . . . . . . . Crush 41 | . 4 2 . 4 . . 3 4 6 . . . 12 . . . . . 1 . . . . . . . . 2 . 3 Escape Stasis 32 | . . . . . . . . . . . . . . . . . . . . . . . . . . . . 32 . . Rewire 138 | . . . . . . . . . . . . 38 . . . . . . . 99 . . . . . . 1 . . . Trap . | . . . . . . . . . . . . . . . . . . . . . . . . . . . . . . . Miscellaneous . | . . . . . . . . . . . . . . . . . . . . . . . . . . . . . . . Route ------- -11/Scrapyard -10/Materials (discovered 4 exits: *Mat x2 / [*Min] / [*Sub]) -10/Mines -9/Materials (discovered 5 exits: *Mat x3 / *Min x2) -9/Mines (discovered 3 exits: *Mat x2 / *Exi) -9/Exiles (discovered 2 exits: [*Min x2]) -8/Mines (discovered 2 exits: *Mat x2) -8/Materials -8/Storage (discovered 2 exits: [*Fac] / *Rec) -8/Recycling (discovered 2 exits: *Fac / [*Scr]) -8/Scraptown (discovered 2 exits: *Fac x2) -6/Factory (discovered 4 exits: Fac x3 / Gar) -6/Garrison (discovered 3 exits: *Fac x3) -6/Factory (discovered 2 exits: *Low x2) -6/Lower Caves -6/Lower Caves (discovered 2 exits: *Fac / *Zio) -6/Zion -6/Deep Caves -5/Proximity Caves -5/Factory (discovered 2 exits: Fac / *Ext) -5/Extension (discovered 2 exits: *Fac / *Cet) -5/Cetus (discovered 2 exits: *Fac / *Arc) -5/Archives (discovered 3 exits: *Fac / *Hub x2) -5/Hub_04(d) -4/Factory -4/Waste -4/Factory -4/DSF -3/Research (discovered 3 exits: *Res / *Qua x2) -3/Quarantine -2/Research (discovered 3 exits: *Acc x3) History --------- Turn | Location | Event 6 | -11/Scrapyard | Discovered new exit (range 15) 114 | -11/Scrapyard | Entered Materials 205 | -10/Materials | Discovered new exit (range 11) 296 | -10/Materials | Discovered new exit (range 4) 314 | -10/Materials | Build established: Mutant 702 | -10/Materials | Discovered new exit (range 16) 714 | -10/Materials | Derelicts attacked the area 1213 | -10/Materials | Repaired Lgt. Treads 1392 | -10/Materials | Discovered new exit (range 7) 1794 | -10/Materials | Entered Mines 1867 | -10/Mines | Core integrity fell below 50% 1888 | -10/Mines | Assisted by bots powering up and referring to "LRC-V3" 2261 | -10/Mines | Assembled infested the area 2266 | -10/Mines | Assisted by a Guerilla fighting off Assembled 2410 | -10/Mines | Core integrity fell below 20% 2660 | -10/Mines | Discovered new exit (range 14) 2693 | -10/Mines | Entered Materials 2693 | -9/Materials | Accompanied by 1 ally 2693 | -9/Materials | Evolved 2 slots: Propulsion x1, Utility x1 2759 | -9/Materials | Repaired Bore Cannon 2786 | -9/Materials | Repaired Lgt. Treads 2986 | -9/Materials | Repaired Imp. Light Armor Plating 3366 | -9/Materials | Identified exit to Mines 3515 | -9/Materials | Discovered new exit (range 8) 3541 | -9/Materials | Identified exit to Materials 3584 | -9/Materials | Loaded intel: 18 interactive machine locations 3643 | -9/Materials | Learned Storage emergency access door positions 3657 | -9/Materials | Loaded intel: 13 trap records 3890 | -9/Materials | Entered Mines 3890 | -9/Mines | Accompanied by 1 ally 4110 | -9/Mines | Discovered exit to Materials (range 6) 4460 | -9/Mines | Received a Rocket Launcher from a helpful Derelict 4470 | -9/Mines | Discovered exit to Materials (range 13) 4745 | -9/Mines | Learned location of Storage (-8) 4895 | -9/Mines | Deemed a non-threat by the Exiles lab entrance 4971 | -9/Mines | Found a hidden stash of uninstalled traps 5398 | -9/Mines | Discovered new exit (range 5) 5407 | -9/Mines | Entered Exiles 5407 | -9/Exiles | Accompanied by 3 allies 5437 | -9/Exiles | Led the pair of lost Derelicts to a safe place 5439 | -9/Exiles | Discovered new exit (range 15) 5467 | -9/Exiles | Met 8R-AWN 5514 | -9/Exiles | Met EX-HEX 5609 | -9/Exiles | Met EX-DEC 5677 | -9/Exiles | Learned location of Zion (-6) 5737 | -9/Exiles | Met EX-BIN 5754 | -9/Exiles | Build established: Scavenger-Mutant 6437 | -9/Exiles | Aligned with FarCom system 6439 | -9/Exiles | Given EX-Vault access code 6494 | -9/Exiles | Opened EX-Vault 6512 | -9/Exiles | Found Field Lobotomy Kit 6528 | -9/Exiles | Found 0b10 Alert Chip 6540 | -9/Exiles | Found Cloak of Protection 6591 | -9/Exiles | Warned to stay clear of 0b10 Research branches 6597 | -9/Exiles | Exiles lab attacked by MAIN.C 6753 | -9/Exiles | Attacked by the Exiles 6926 | -9/Exiles | Destroyed 8R-AWN 6935 | -9/Exiles | Lost 3 parts (1n2u) 6940 | -9/Exiles | Found 8R-AWN's Boregun 6958 | -9/Exiles | Discovered new exit (range 10) 6978 | -9/Exiles | Stole three prototypes: 0b10 Alert Chip, Cloak of Protection, Field Lobotomy Kit 6978 | -9/Exiles | Entered Mines 7038 | -8/Mines | Released all parts (9) 7051 | -8/Mines | CL-ANK came to Exiles' defense 7107 | -8/Mines | Build established: Mutant 7452 | -8/Mines | Destroyed CL-ANK 7596 | -8/Mines | Found Prototype Processor 7918 | -8/Mines | Discovered exit to Materials (range 5) 8290 | -8/Mines | Discovered exit to Materials (range 11) 8675 | -8/Mines | Entered Materials 8675 | -8/Materials | Evolved 2 slots: Propulsion x2 8676 | -8/Materials | Identified exit to Storage 8729 | -8/Materials | Identified Exp. Melee Analysis Suite 8992 | -8/Materials | Build established: Scavenger-Mutant 9148 | -8/Materials | Entered Storage 9560 | -8/Storage | Used back door to open Recycling access 9560 | -8/Storage | Discovered new exit (range 5) 9686 | -8/Storage | Learned location of Armory (-4) 9905 | -8/Storage | Met a pair of Derelict thieves 9913 | -8/Storage | Discovered new exit (range 16) 10047 | -8/Storage | Entered Recycling 10047 | -8/Recycling | Accompanied by 2 allies 10308 | -8/Recycling | Discovered new exit (range 5) 10497 | -8/Recycling | Learned location of 1 exit from Storage 10569 | -8/Recycling | Learned location of 1 exit from Extension 10573 | -8/Recycling | Learned Factory stockpile data 10574 | -8/Recycling | Learned Storage trap positions 10587 | -8/Recycling | Learned Factory emergency access door positions 10597 | -8/Recycling | Scanned before Scraplab entrance 10611 | -8/Recycling | Learned location of Lower Caves (-6) 10621 | -8/Recycling | Entered Scraplab 10633 | -8/Recycling | Discovered new exit (range 2) 10636 | -8/Recycling | Entered Scraptown 10636 | -8/Scraptown | Accompanied by 2 allies 10636 | -8/Scraptown | System corruption cleaned by C-Scrubber 10637 | -8/Scraptown | Identified exit to Factory 10798 | -8/Scraptown | Visited Cave Peace 10821 | -8/Scraptown | Visited Spacefarers 10843 | -8/Scraptown | Visited Shadow of the Wyrm 10867 | -8/Scraptown | Heard Great Nut preacher, LISTEN AND RECITE! 10874 | -8/Scraptown | Visited SPCMW 10901 | -8/Scraptown | Visited Comm Corps 10921 | -8/Scraptown | Visited TADAMA 10937 | -8/Scraptown | Visited Artisan Demo Area 12007 | -8/Scraptown | Attached CPS modules to Triborg 12007 | -8/Scraptown | Assimilated Triborg with FLK Orb 12008 | -8/Scraptown | Attacked by Scraptown defenders 12011 | -8/Scraptown | Attached CPS modules to UX-2O0(j) 12080 | -8/Scraptown | Assimilated EC-9RF(j) with FLK Orb 12083 | -8/Scraptown | Assimilated DI-E91(j) with FLK Orb 12085 | -8/Scraptown | Assimilated F9-P8A(j) with FLK Orb 12086 | -8/Scraptown | Destroyed 13 combat bots 12087 | -8/Scraptown | Assimilated GQ-TSZ(j) with FLK Orb 12108 | -8/Scraptown | Core integrity fell below 50% 12118 | -8/Scraptown | Lost 5 allies 12147 | -8/Scraptown | Lost 15 parts (1p8n3u3w) 12237 | -8/Scraptown | System corruption cleaned by C-Scrubber 12324 | -8/Scraptown | Lost 3 parts (3n) 12339 | -8/Scraptown | Entered Factory 12339 | -6/Factory | Accompanied by 1 ally (Triborg) 12339 | -6/Factory | Evolved 4 slots: Power x1, Utility x2, Weapon x1 12340 | -6/Factory | Identified exit to Factory 12383 | -6/Factory | Build established: Mutant 12632 | -6/Factory | Identified exit to Garrison 12632 | -6/Factory | Entered Garrison 12632 | -6/Garrison | Accompanied by 1 ally (*Haters Gonna hate) 12650 | -6/Garrison | Triggered checkpoint 12698 | -6/Garrison | Garrison Relay disabled 12988 | -6/Garrison | Spotted B-75 Beast 12990 | -6/Garrison | Triggered checkpoint 13001 | -6/Garrison | Destroyed B-75 Beast 13009 | -6/Garrison | Triggered checkpoint 13109 | -6/Garrison | Build established: Scavenger-Tank 13123 | -6/Garrison | Discovered new exit (range 14) 13345 | -6/Garrison | Installed Relay Interface Framework 13403 | -6/Garrison | Garrison Relay disabled 13537 | -6/Garrison | Discovered new exit (range 15) 13655 | -6/Garrison | Phase Generator disabled 13702 | -6/Garrison | Garrison Relay disabled 13746 | -6/Garrison | Triggered checkpoint 13785 | -6/Garrison | Spotted B-75 Beast 13859 | -6/Garrison | Destroyed B-75 Beast 14019 | -6/Garrison | Garrison Relay disabled 14246 | -6/Garrison | Triggered checkpoint 14334 | -6/Garrison | Garrison Relay disabled 14382 | -6/Garrison | Discovered new exit (range 13) 14401 | -6/Garrison | Rewired Executioner 14403 | -6/Garrison | Rewired Executioner 14522 | -6/Garrison | Triggered checkpoint 14787 | -6/Garrison | Entered Factory 14787 | -6/Factory | Accompanied by 3 allies (*Haters Gonna hate) 15137 | -6/Factory | First assault squad dispatched 15166 | -6/Factory | Spotted B-75 Beast 15189 | -6/Factory | Found Prototype Ballistic Cannon 15189 | -6/Factory | Identified Siege Cannon 15197 | -6/Factory | Found Tri-treads 15214 | -6/Factory | Found Tri-treads 15220 | -6/Factory | Found Siege Articulator 15284 | -6/Factory | Identified exit to Lower Caves 15368 | -6/Factory | Found Siege Articulator 15682 | -6/Factory | Garrison activated, responded to threat 16027 | -6/Factory | Entered Lower Caves 16053 | -6/Lower Caves | Lost 8 parts (2p2n2u2w) 16130 | -6/Lower Caves | Learned 8 Factory zone layouts 16261 | -6/Lower Caves | Learned 4 Factory zone layouts 16297 | -6/Lower Caves | Attracted the attention of an 0b10 checkpoint 16336 | -6/Lower Caves | Discovered new exit (range 8) 16603 | -6/Lower Caves | Entered another Lower Caves area 16605 | -6/Lower Caves | Encountered a Master Thief 16609 | -6/Lower Caves | Encountered a Master Thief 16609 | -6/Lower Caves | Biometal Medium Treads stolen by Master Thief 16610 | -6/Lower Caves | Adv. Weapon Cycler stolen by Master Thief 16639 | -6/Lower Caves | Discovered exit to Factory (range 9) 17189 | -6/Lower Caves | Attracted the attention of an 0b10 checkpoint 17342 | -6/Lower Caves | Identified exit to Zion 17593 | -6/Lower Caves | Entered Zion 17685 | -6/Zion | Found CR-A16's Pointy Stick 17968 | -6/Zion | Found Prototype Special Weapon 17968 | -6/Zion | Identified RU-N14's Throwing Claymores 18032 | -6/Zion | Found RU-N14's Throwing Claymores 18109 | -6/Zion | System corruption cleaned by Quarantine Array 18223 | -6/Zion | RIF detected upon attempting to enter Zion 18223 | -6/Zion | Attacked by Zionites 18256 | -6/Zion | Spotted W4-58X(B) 18266 | -6/Zion | Destroyed W4-58X(B) 18296 | -6/Zion | Found RU-N14's Throwing Claymores 18301 | -6/Zion | 12-ASH came to Zion's defense 18302 | -6/Zion | Core integrity fell below 50% 18303 | -6/Zion | Attached CPS modules to 12-ASH 18306 | -6/Zion | Destroyed 12-ASH 18338 | -6/Zion | Found Prototype Ballistic Gun 18338 | -6/Zion | Identified 12-ASH's Boomstick 18340 | -6/Zion | Spotted E5-7Q5(B) 18354 | -6/Zion | Destroyed E5-7Q5(B) 18371 | -6/Zion | Destroyed Imprinter 18378 | -6/Zion | Extracted access codes from Imprinter's data core 18416 | -6/Zion | Found Exp. Core Analyzer 18466 | -6/Zion | Found RU-N14's Throwing Claymores 18707 | -6/Zion | Build established: Scavenger-Gunner 20355 | -6/Zion | Opened final containment barrier to the Deep Caves 20540 | -6/Zion | Build established: Scavenger-Tank 21369 | -6/Zion | Discovered new exit (range 3) 21369 | -6/Zion | Saw the warning signs outside the Deep Caves entrance 21719 | -6/Zion | Entered Deep Caves 21933 | -6/Deep Caves | Z-Facility disabled 22054 | -6/Deep Caves | Found Prototype Protection 22054 | -6/Deep Caves | Identified Zio. Heavy Carapace 22138 | -6/Deep Caves | Lost 4 parts (1p2u1w) 22242 | -6/Deep Caves | Found Prototype Protection 22242 | -6/Deep Caves | Identified Zio. Weapon Casing 22311 | -6/Deep Caves | Found Zio. Heavy Carapace 22598 | -6/Deep Caves | Build established: Scavenger-Gunner 22810 | -6/Deep Caves | Discovered new exit (range 7) 23058 | -6/Deep Caves | Found Zio. Weapon Casing 23269 | -6/Deep Caves | Spotted Golem 23300 | -6/Deep Caves | Destroyed Golem 23311 | -6/Deep Caves | Found GOLEM Unit 23630 | -6/Deep Caves | Found Zio. Weapon Casing 23882 | -6/Deep Caves | Entered Proximity Caves 23965 | -5/Proximity Caves | Spotted B-75 Beast 23991 | -5/Proximity Caves | Destroyed B-75 Beast 24189 | -5/Proximity Caves | Build established: Scavenger-Tank 24262 | -5/Proximity Caves | Entered Factory 24262 | -5/Factory | Evolved 2 slots: Power x1, Utility x1 24263 | -5/Factory | Identified exit to Factory 24814 | -5/Factory | Build established: Scavenger-Mutant 24969 | -5/Factory | Discovered new exit (range 16) 24992 | -5/Factory | Identified exit to Extension 24994 | -5/Factory | Entered Extension 25091 | -5/Extension | Rescued a captive Derelict 25093 | -5/Extension | Rescued a captive Derelict 25291 | -5/Extension | Rescued a captive Derelict 25680 | -5/Extension | Rescued A7 26070 | -5/Extension | Spotted B-75 Beast 26077 | -5/Extension | Spotted B-75 Beast 26086 | -5/Extension | Revealed the true nature of CR-A16's Pointy Stick 26089 | -5/Extension | Destroyed B-75 Beast 26099 | -5/Extension | Destroyed B-75 Beast 26123 | -5/Extension | Lost 3 allies 26144 | -5/Extension | Disrupted transfer network 26144 | -5/Extension | Extracted ID and sensor layout for unrecognized location from A7's data core 26719 | -5/Extension | Unchained authorized (DW-4LL) 26830 | -5/Extension | Rescued a captive Derelict 26863 | -5/Extension | Discovered new exit (range 6) 26870 | -5/Extension | Identified exit to Cetus 26890 | -5/Extension | Entered Cetus 26890 | -5/Cetus | Accompanied by 5 allies 26964 | -5/Cetus | Spotted Cetus Guard 26964 | -5/Cetus | Spotted Cetus Guard 26973 | -5/Cetus | Spotted Cetus Guard 26976 | -5/Cetus | Spotted Cetus Guard 26977 | -5/Cetus | Destroyed Cetus Guard 26981 | -5/Cetus | Destroyed Cetus Guard 26992 | -5/Cetus | Allies destroyed Cetus Guard 26996 | -5/Cetus | Destroyed Cetus Guard 27015 | -5/Cetus | Lost 3 allies 27148 | -5/Cetus | Discovered new exit (range 15) 27172 | -5/Cetus | Build established: Scavenger-Golem 27182 | -5/Cetus | Spotted Cetus Guard 27182 | -5/Cetus | Spotted Cetus Guard 27186 | -5/Cetus | Spotted Cetus Guard 27188 | -5/Cetus | Spotted Cetus Guard 27196 | -5/Cetus | Destroyed Cetus Guard 27202 | -5/Cetus | Destroyed Cetus Guard 27222 | -5/Cetus | Destroyed Cetus Guard 27234 | -5/Cetus | Destroyed Cetus Guard 27264 | -5/Cetus | Discovered exit to Factory (range 15) 27275 | -5/Cetus | Met Revision 17 27368 | -5/Cetus | Identified exit to Archives 27370 | -5/Cetus | Entered Archives 27370 | -5/Archives | Accompanied by 1 ally 27594 | -5/Archives | Discovered exit to Factory (range 15) 27718 | -5/Archives | Discovered new exit (range 13) 27826 | -5/Archives | Discovered new exit (range 14) 28533 | -5/Archives | Entered Hub_04(d) 28567 | -5/Hub_04(d) | Discovered exit to Factory (range 6) 28597 | -5/Hub_04(d) | Build established: Scavenger-Mutant 28819 | -5/Hub_04(d) | Network Hub disabled 28857 | -5/Hub_04(d) | Network Hub disabled 28857 | -5/Hub_04(d) | Watched by a mysterious "MATRIX" hacker 28868 | -5/Hub_04(d) | Spotted Lightning 28881 | -5/Hub_04(d) | Network Hub disabled 28884 | -5/Hub_04(d) | Spotted Lightning 28885 | -5/Hub_04(d) | Spotted Lightning 28887 | -5/Hub_04(d) | Entered Factory 28887 | -4/Factory | Evolved 2 slots: Power x1, Utility x1 29025 | -4/Factory | Found Quantum Capacitor 29299 | -4/Factory | Lost 3 parts (2p1n) 29504 | -4/Factory | Central database locked down 30104 | -4/Factory | Fabricated Gamma Bomb Array (x1) 30398 | -4/Factory | Unchained authorized (DW-4LL) 30422 | -4/Factory | Fabricated Cld. Gravmag System (x1) 30811 | -4/Factory | Spotted DW-4LL 31174 | -4/Factory | Attached CPS modules to DW-4LL 31190 | -4/Factory | Destroyed DW-4LL 31192 | -4/Factory | Found Exp. Weapon Cycler 31195 | -4/Factory | Found ID Mask 31224 | -4/Factory | Found Exp. Armor Integrity Analyzer 31239 | -4/Factory | Found DW-4LL's Blast Wall 31359 | -4/Factory | Lost 3 parts (1p2w) 31387 | -4/Factory | First assault squad dispatched 31504 | -4/Factory | Fabricated Cld. Gravmag System (x1) 31520 | -4/Factory | System corruption reached 10% 31727 | -4/Factory | Sucked down chute 31727 | -4/Factory | Entered Waste 31742 | -4/Waste | EMP discharged 31749 | -4/Waste | Spotted C-40 Crusher 31756 | -4/Waste | Spotted C-40 Crusher 31771 | -4/Waste | Spotted C-40 Crusher 31777 | -4/Waste | Spotted C-40 Crusher 31798 | -4/Waste | Spotted C-40 Crusher 31800 | -4/Waste | Discovered new exit (range 11) 31811 | -4/Waste | Identified exit to Factory 31813 | -4/Waste | Entered Factory 31830 | -4/Factory | Identified exit to DSF 31831 | -4/Factory | Entered DSF 31880 | -4/DSF | Additional patrols routed to DSF 32120 | -4/DSF | Lost 3 parts (2u1w) 32178 | -4/DSF | Sterilization system engaged 32184 | -4/DSF | Core integrity fell below 50% 32198 | -4/DSF | Ambient heat levels rising (+10) 32213 | -4/DSF | Ambient heat levels rising (+10) 32218 | -4/DSF | Lost 3 parts (1p1u1w) 32228 | -4/DSF | Ambient heat levels rising (+10) 32243 | -4/DSF | Ambient heat levels rising (+10) 32258 | -4/DSF | Ambient heat levels rising (+10) 32273 | -4/DSF | Ambient heat levels rising (+10) 32288 | -4/DSF | Ambient heat levels rising (+10) 32288 | -4/DSF | Discovered new exit (range 16) 32303 | -4/DSF | Ambient heat levels rising (+10) 32314 | -4/DSF | Entered Research 32314 | -3/Research | Evolved 2 slots: Power x1, Propulsion x1 32514 | -3/Research | Revision forces began assault on 0b10 32530 | -3/Research | Met up with Revision 17++ 32612 | -3/Research | Found Adv. Powered Armor 32697 | -3/Research | Discovered new exit (range 16) 32794 | -3/Research | Spotted B-90 Cyclops 32809 | -3/Research | Discovered new exit (range 16) 32979 | -3/Research | Discovered new exit (range 15) 33014 | -3/Research | Research terminal network offline 33035 | -3/Research | Found Adv. Powered Armor 33080 | -3/Research | Spotted Striker 33176 | -3/Research | Central database locked down 33267 | -3/Research | Fabricated Hyb. Fission Core (x2) 33297 | -3/Research | Fabricated CPS Tube (x1) 33305 | -3/Research | Attached CPS modules to Revision 17++ 33402 | -3/Research | Spotted Executioner 33402 | -3/Research | Spotted Striker 33432 | -3/Research | Destroyed Striker 33445 | -3/Research | Destroyed Executioner 33474 | -3/Research | Lost 5 allies 33504 | -3/Research | Entered Quarantine 33549 | -3/Quarantine | Cryocooling Duct disabled 33555 | -3/Quarantine | Cryocooling Duct disabled 33564 | -3/Quarantine | Ambient heat levels rising (+20) 33564 | -3/Quarantine | Non-combat units ordered to evacuate 33570 | -3/Quarantine | Ambient heat levels rising (+20) 33570 | -3/Quarantine | Combat units ordered to evacuate 33670 | -3/Quarantine | Quarantine Guard activated 33680 | -3/Quarantine | Spotted Quarantine Guard 33698 | -3/Quarantine | Spotted Quarantine Guard 33717 | -3/Quarantine | Spotted Quarantine Guard 33721 | -3/Quarantine | Destroyed Quarantine Guard 33725 | -3/Quarantine | Spotted Quarantine Guard 33731 | -3/Quarantine | Destroyed Quarantine Guard 33740 | -3/Quarantine | Spotted Quarantine Guard 33742 | -3/Quarantine | Spotted Quarantine Guard 33756 | -3/Quarantine | Destroyed Quarantine Guard 33777 | -3/Quarantine | Destroyed Quarantine Guard 33779 | -3/Quarantine | Spotted Quarantine Guard 33781 | -3/Quarantine | Destroyed Quarantine Guard 33789 | -3/Quarantine | Destroyed Quarantine Guard 33801 | -3/Quarantine | Lost 5 parts (1p1n3u) 33821 | -3/Quarantine | Destroyed Quarantine Guard 33975 | -3/Quarantine | Build established: Mutant 34201 | -3/Quarantine | Spotted Quarantine Guard 34211 | -3/Quarantine | Destroyed Quarantine Guard 34345 | -3/Quarantine | Targeted by mysterious "MATRIX" hacker 34379 | -3/Quarantine | Repaired Adv. Remote Force Field 34391 | -3/Quarantine | Spotted Quarantine Guard 34406 | -3/Quarantine | Destroyed Quarantine Guard 34457 | -3/Quarantine | Identified exit to Research 34478 | -3/Quarantine | Spotted Quarantine Guard 34498 | -3/Quarantine | Destroyed Quarantine Guard 34648 | -3/Quarantine | Found Alien Launcher 34668 | -3/Quarantine | Identified Sigix Terminator 34691 | -3/Quarantine | Build established: Scavenger-Tank 34777 | -3/Quarantine | Found Alien Artifact 34969 | -3/Quarantine | Spotted Quarantine Guard 34984 | -3/Quarantine | Destroyed Quarantine Guard 35057 | -3/Quarantine | Spotted Quarantine Guard 35068 | -3/Quarantine | Destroyed Quarantine Guard 35364 | -3/Quarantine | Destroyed 7 combat bots 35636 | -3/Quarantine | Found Alien Energy Cannon 35636 | -3/Quarantine | Identified Core Cannon 35686 | -3/Quarantine | Found Alien Artifact 35747 | -3/Quarantine | Identified Core Reset Matrix 35780 | -3/Quarantine | Build established: Scavenger-Mutant 35852 | -3/Quarantine | Found Alien Artifact 35852 | -3/Quarantine | Identified Dimensional Node Initializer 35852 | -3/Quarantine | Initialized slip node 35855 | -3/Quarantine | Found Alien Artifact 35855 | -3/Quarantine | Identified Hpw. Transdimensional Reconstructor 35855 | -3/Quarantine | Warped through subspace to slip node 35861 | -3/Quarantine | Found Alien Artifact 35861 | -3/Quarantine | Identified Transdimensional Reconstructor 35861 | -3/Quarantine | Warped through subspace to slip node 35873 | -3/Quarantine | Found Hpw. Transdimensional Reconstructor 35875 | -3/Quarantine | Found Hpw. Transdimensional Reconstructor 35889 | -3/Quarantine | Found Dimensional Node Initializer 35908 | -3/Quarantine | Entered Research 35908 | -2/Research | Evolved 2 slots: Utility x1, Weapon x1 35951 | -2/Research | Discovered new exit (range 16) 35957 | -2/Research | Identified exit to Access 36063 | -2/Research | Spotted B-90 Cyclops 36075 | -2/Research | Destroyed B-90 Cyclops 36142 | -2/Research | Build established: Scavenger-Skirmisher 36206 | -2/Research | Lost 5 parts (2p2u1w) 36233 | -2/Research | P-80 Master assimilated allied Administrator 9a 36288 | -2/Research | Spotted B-90 Cyclops 36300 | -2/Research | Destroyed B-90 Cyclops 36321 | -2/Research | Destroyed 9 combat bots 36328 | -2/Research | Lost 4 parts (1p1n2w) 36328 | -2/Research | Spotted B-90 Cyclops 36338 | -2/Research | Central database locked down 36349 | -2/Research | Spotted CY-PHR 36361 | -2/Research | Extracted 0b10 system backdoors from CY-PHR data collection 36361 | -2/Research | Warped through subspace 36367 | -2/Research | Initialized slip node 36368 | -2/Research | Destroyed CY-PHR 36379 | -2/Research | Core integrity fell below 50% 36432 | -2/Research | Lost 12 parts (3p4n3u2w) 36436 | -2/Research | ID Mask engaged 36609 | -2/Research | Build established: Hacker-Mutant 36658 | -2/Research | First assault squad dispatched 37206 | -2/Research | ID Mask no longer valid 37238 | -2/Research | Warped through subspace 37779 | -2/Research | Discovered exit to Access (range 9) 37798 | -2/Research | Identified Subatomic Replicator 37810 | -2/Research | Discovered exit to Access (range 6) 37878 | -2/Research | Found Prototype Processor 37878 | -2/Research | Identified Exp. Signal Interpreter 37931 | -2/Research | Found Prototype Launcher 38006 | -2/Research | Core integrity fell below 20% 38039 | -2/Research | Lost 3 parts (1p1n1w) 38164 | -2/Research | Identified Ragnarok Missile Launcher 38300 | -2/Research | Destroyed 7 combat bots 38409 | -2/Research | Build established: Hacker-Skirmisher 38552 | -2/Research | Found Prototype Launcher 38552 | -2/Research | Identified Point Singularity Launcher 39231 | -2/Research | Destroyed by P-80 Master with Gamma Rifle Last Messages --------------- (125,50) (101,46) Map updated. 39181_ U-05 Engineer lays Concrete. 39195_ Acquired Cmb. Linear Gravjet. 39213_ U-05 Engineer builds a Wall. 39213_ U-05 Engineer lays Concrete. 39213_ U-05 Engineer builds a Wall. 39214_ U-05 Engineer lays Concrete. 39217_ U-05 Engineer builds a Wall. 39217_ U-05 Engineer lays Concrete. 39217_ U-05 Engineer builds a Door. 39221_ U-05 Engineer lays Concrete. 39222_ U-05 Engineer builds a Wall. 39226_ U-05 Engineer lays Concrete. 39231_ Destroyed Adv. Heat Sink. 39231_ P-80 Master destroyed. 39231_ Destroyed Gamma Rifle. 39231_ Destroyed Imp. Antigrav System. 39231_ Imp. Corruption Screen intercepted 1% system corruption. Map ----- +----------------------------------------------------+ | ??????????????????????????# # #????# # # | | ??????????????????????????# # #????# ####### | | ??????????????????????????# # * #????# | | ??????????????????????????# # * #????# | | ?????????????############## # #?######+###### | | ?????????????# # # #?# # | | ?????????????# # # #?# ! " | | ?????????????# # # #?# # | | ?????????????# # # #?# # | | ?????????????# = + #######?# ! # / | | ?????????????# # #???????#] # | | ?????????????# ####???????############# | | ?????????????# #??????????????????????? | | ?????????????# #??????????????????????? | | ?????????????# #??????????????????????? | | ?????????????# #??????????????????????? | | ?????????????# % #??????????????????????? | | ??????????######## #u# ##########????????????????? | | ????????### u =u+ ????????????? | | ????????#"" *# ????????????? | | ????????#"" # ????????????? | | ????????#"" # ?????????????? | | ????????#T # ?????????????? | | ????????#"" ! # = ??????????????? | | ????????#"" #####+#########????????????? | | ????????#"" @ ????????? | | ????????### ????????? | | ??????????# ! p p ????????? | | ??????????# ?????????? | | ??############+######+########## ?????????? | | ??+ + #? ????????? ??????????? | | ??####### # ????????? # ??????????? | | ????????# # """" #??????????????????????? | | ????????# # """" #??????????????????????? | | ????????# """# """" +??????????????????????? | | ????????# """# """" #??????????????????????? | | ????????# """# " #??????????????????????? | | ????????# ! # ????? #??????????????????????? | | ????????# # ???????#??????????????????????? | | ????????###########??????????????????????????????? | | ?????????????????????????????????????????????????? | | ?????????????????????????????????????????????????? | | ?????????????????????????????????????????????????? | | ?????????????????????????????????????????????????? | | ?????????????????????????????????????????????????? | | ?????????????????????????????????????????????????? | | ?????????????????????????????????????????????????? | | ?????????????????????????????????????????????????? | | ?????????????????????????????????????????????????? | | ?????????????????????????????????????????????????? | +----------------------------------------------------+ Best States ------------- Heat Dissipation 100 Coolant Potential 120 Energy Generation 95 Energy Capacity 2590 Matter Stores 700 Matter Capacity 700 Sight Range 20 Robot Scan Range 16 Terrain Scan Range 24 Terrain Scan Density 85 Jamming Range 16 Cloak Strength 3 Additional Mass Support 20 EM Shielding 3 Corruption Block 15 Armor Coverage 1600 Resistance: KI 15 Resistance: TH 15 Resistance: EX 15 Resistance: EM 15 Resistance: I 15 Resistance: S 15 Resistance: P 15 Propulsion Shielding 66 Weapon Shielding 100 Weapon Cycling 30 Melee Speed Boost 30 Evasion (%) 70 Targeting Accuracy 8 Core Analysis 8 Armor Integrity Analysis 40 Recoil Reduction 6 Kinecelleration 40 Offensive Hacking 44 Defensive Hacking 10 Relay Coupler Types 1 Relay Coupler Value 33 Authchip Count 5 Item Schematics ----------------- Hcp. Storage Unit | -10/Materials | Hacked Biometal Medium Treads | -8/Materials | Scanalyzed Exp. Weapon Shielding | -8/Materials | Scanalyzed Hacking Suite | -8/Materials | Hacked Imp. Remote Shield | -6/Zion | Archive Tesla Rifle | -6/Zion | Archive Hvy. Flak Cannon | -6/Zion | Archive Imp. Recalibrator | -6/Zion | Archive Imp. Thermal Generator | -6/Zion | Archive Power Sword | -6/Zion | Archive Adv. Thermal Shield | -6/Zion | Archive Imp. Kinecellerator | -6/Zion | Archive Imp. Medium Treads | -6/Zion | Archive Proton Cannon | -6/Zion | Archive Adv. Shield Generator | -6/Zion | Archive Hyb. Fission Core | -5/Hub_04(d) | Hacked CPS Tube | -4/Factory | Scanalyzed Cld. Gravmag System | -4/Factory | Scanalyzed Exp. Weapon Cycler | -4/Factory | Scanalyzed Adv. Powered Armor | -3/Research | Scanalyzed Hyb. Antimatter Reactor | -3/Quarantine | Hacked Hvy. Wave Gun | -3/Quarantine | Archive Prc. Phase Gun | -3/Quarantine | Archive Robot Schematics ------------------ A-02 Transporter | -6/Zion | Archive L-41 Fighter | -6/Zion | Archive T-07 Excavator | -3/Quarantine | Archive K-01 Serf | -3/Quarantine | Archive A-15 Conveyor | -3/Quarantine | Archive Fabricated ------------ Gamma Bomb Array | x1 | -4/Factory | Preloaded Cld. Gravmag System | x1 | -4/Factory | Authchip Cld. Gravmag System | x1 | -4/Factory | Authchip Hyb. Fission Core | x2 | -3/Research | Authchip CPS Tube | x1 | -3/Research | Authchip Repaired ---------- Lgt. Treads | 52% | -10/Materials Bore Cannon | 69% | -9/Materials Lgt. Treads | 67% | -9/Materials Imp. Light Armor Plating | 73% | -9/Materials Adv. Remote Force Field | 39% | -3/Quarantine Studied --------- Hvy. Assault Rifle | -9/Materials | Hacked Adv. VSS Leg | -4/Factory | Hacked Myomer Leg | -4/Factory | Hacked Antigrav Array | -3/Research | Hacked Lance | -3/Research | Hacked Imp. Linear Gravjet | -3/Research | Hacked Mic. Antimatter Reactor | -3/Research | Hacked Hyb. Fission Core | -3/Quarantine | Hacked Com. HERF Cannon | -3/Quarantine | Hacked Mic. Nuclear Core | -3/Quarantine | Hacked Gravmag Array | -2/Research | Hacked Alien Tech Used ----------------- Sigix Terminator Core Cannon Dimensional Node Initializer High-powered Transdimensional Reconstructor Transdimensional Reconstructor Achievements -------------- None Challenges ------------ None Game ------ Seed StealthFlyingKatana Manual? 0 Play Time 09:18:14 Cumulative 1850.8 hours Start 2026.09.20 @ 17:12:07 End 2026.09.22 @ 19:14:41 Sessions 13 Manual Loads 0 Difficulty Rogue Special Mode None Game No. 556 Rogue 548 Adventurer 4 Explorer 4 Win Type - Total 78 Types 32/12/6/4/2/5/10/2/3/2 Lore% 98 Gallery% 96 Achievement% 94 Wizard Run 0 Options --------- Layout 0 ASCII 0 Keyboard 0 Movement Numpad Keybinds 0 Fullscreen 2 Font 18/SmallcapsGlow Map View 76x50 Zoom Use 2% Tactical HUD 1 Map Filters NONE Filters NONE Steam 1 RUN: 86768805-2922-47ef-bf40-13750c8b631b